Workbook
Name \A: #REF!
Name \P: #REF!
Name AUG: #REF!
Name OCT: #REF!
Name SEPT: #REF!

Sheet 5-Year Plan Data
C3: 2013 | D3: 2014 | E3: 2015 | F3: 2016 | G3: 2017 | H3: 2018 | I3: 2019 | J3: 2020 | K3: 2021
B4: Purchased kWh | C4: =+MWH!#REF!*1000 -> #REF! | D4: =+MWH!#REF!*1000 -> #REF! | E4: =+MWH!#REF!*1000 -> #REF! | F4: =+MWH!#REF!*1000 -> #REF! | G4: =+MWH!#REF!*1000 -> #REF! | H4: =+MWH!#REF!*1000 -> #REF! | I4: =+MWH!#REF!*1000 -> #REF! | J4: =+MWH!#REF!*1000 -> #REF! | K4: =+MWH!#REF!*1000 -> #REF!
B5: Sales for Resales kWh | C5: =-MWH!#REF!*1000 -> #REF! | D5: =-MWH!#REF!*1000 -> #REF! | E5: =-MWH!#REF!*1000 -> #REF! | F5: =-MWH!#REF!*1000 -> #REF! | G5: =-MWH!#REF!*1000 -> #REF! | H5: =-MWH!#REF!*1000 -> #REF! | I5: =-MWH!#REF!*1000 -> #REF! | J5: =-MWH!#REF!*1000 -> #REF! | K5: =-MWH!#REF!*1000 -> #REF!
B6: Net kWh | C6: =+MWH!#REF!*1000 -> #REF! | D6: =+MWH!#REF!*1000 -> #REF! | E6: =+MWH!#REF!*1000 -> #REF! | F6: =+MWH!#REF!*1000 -> #REF! | G6: =+MWH!#REF!*1000 -> #REF! | H6: =+MWH!#REF!*1000 -> #REF! | I6: =+MWH!#REF!*1000 -> #REF! | J6: =+MWH!#REF!*1000 -> #REF! | K6: =+MWH!#REF!*1000 -> #REF!
B7: Grossed Purchase Power $ | C7: =+'$'!#REF!-'$'!#REF! -> #REF! | D7: =+'$'!#REF!-'$'!#REF! -> #REF! | E7: =+'$'!#REF!-'$'!#REF! -> #REF! | F7: =+'$'!#REF!-'$'!#REF! -> #REF! | G7: =+'$'!#REF!-'$'!#REF! -> #REF! | H7: =+'$'!#REF!-'$'!#REF! -> #REF! | I7: =+'$'!#REF!-'$'!#REF! -> #REF! | J7: =+'$'!#REF!-'$'!#REF! -> #REF! | K7: =+'$'!#REF!-'$'!#REF! -> #REF!
B8: Sales for Resales $ | C8: =-'$'!#REF! -> #REF! | D8: =-'$'!#REF! -> #REF! | E8: =-'$'!#REF! -> #REF! | F8: =-'$'!#REF! -> #REF! | G8: =-'$'!#REF! -> #REF! | H8: =-'$'!#REF! -> #REF! | I8: =-'$'!#REF! -> #REF! | J8: =-'$'!#REF! -> #REF! | K8: =-'$'!#REF! -> #REF!
B9: REC $ | C9: =+'$'!#REF! -> #REF! | D9: =+'$'!#REF! -> #REF! | E9: =+'$'!#REF! -> #REF! | F9: =+'$'!#REF! -> #REF! | G9: =+'$'!#REF! -> #REF! | H9: =+'$'!#REF! -> #REF! | I9: =+'$'!#REF! -> #REF! | J9: =+'$'!#REF! -> #REF! | K9: =+'$'!#REF! -> #REF!
B10: REC Broker Fees | C10: 10000 | D10: 10000 | E10: 10000 | F10: 10000 | G10: 10000 | H10: 10000 | I10: 10000 | J10: 10000 | K10: 10000
B11: Net $ | C11: =+SUM(C7:C10) -> #REF! | D11: =+SUM(D7:D10) -> #REF! | E11: =+SUM(E7:E10) -> #REF! | F11: =+SUM(F7:F10) -> #REF! | G11: =+SUM(G7:G10) -> #REF! | H11: =+SUM(H7:H10) -> #REF! | I11: =+SUM(I7:I10) -> #REF! | J11: =+SUM(J7:J10) -> #REF! | K11: =+SUM(K7:K10) -> #REF!
B16: Changes from 4/22/15 version
B17: 1 | C17: Capacity for NextEra 3 -=year deal entered 1/2015 for 6/2018-5/2021 was changed from 3.0 MW to 5.0 MW.
B18: 2 | C18: Capcity for NextEra 5-year deal entered 9/2013 for 6/2017-5/2022 was change from 5.0 MW to 10 MW.
B19: 3 | C19: Capacity and $ for NextEra Amendment entered 1/2015 was added to the spreadsheet
B20: 4 | C20: Changed share of ISO peak to account for impact of SPEED Standard Offer and Tier II, beginning in June 2017
B21: 5 | C21: Sale of 10k RECs per year at $48.75 per REC for 2015-2017.

Sheet $
A1: Exhibit - VEC-DP -1 - ATY Power Cost Projections - Final | E1: This document is being submitted electronically via ePUC.
C2: Generation
D3: Energy
C6: Purchase Power | E6: =+'Detailed Assumps'!O2 -> 45673 | F6: =+'Detailed Assumps'!P2 -> 45704 | G6: =+'Detailed Assumps'!Q2 -> 45732 | H6: =+'Detailed Assumps'!R2 -> 45763 | I6: =+'Detailed Assumps'!S2 -> 45793 | J6: =+'Detailed Assumps'!T2 -> 45824 | K6: =+'Detailed Assumps'!U2 -> 45854 | L6: =+'Detailed Assumps'!V2 -> 45885 | ... P6: =+'Detailed Assumps'!Z2 -> 46007 | Q6: 2025
C7: =+'Detailed Assumps'!A388 -> Delvin Warner | E7: =+'Detailed Assumps'!O391 -> 455.08023 | F7: =+'Detailed Assumps'!P391 -> 392.46332 | G7: =+'Detailed Assumps'!Q391 -> 654.96701 | H7: =+'Detailed Assumps'!R391 -> 625.20921 | I7: =+'Detailed Assumps'!S391 -> 261.9868 | J7: =+'Detailed Assumps'!T391 -> 357.31515 | K7: =+'Detailed Assumps'!U391 -> 484.46883 | L7: =+'Detailed Assumps'!V391 -> 201.58511 | ... P7: =+'Detailed Assumps'!Z391 -> 277.41951 | Q7: =SUM(E7:P7) -> 4727.6508
C8: =+'Detailed Assumps'!A393 -> Arlon Warner | E8: =+'Detailed Assumps'!O396 -> 204.61258 | F8: =+'Detailed Assumps'!P396 -> 90.528698 | G8: =+'Detailed Assumps'!Q396 -> 487.93935 | H8: =+'Detailed Assumps'!R396 -> 643.8909 | I8: =+'Detailed Assumps'!S396 -> 422.22112 | J8: =+'Detailed Assumps'!T396 -> 640.34655 | K8: =+'Detailed Assumps'!U396 -> 685.2417 | L8: =+'Detailed Assumps'!V396 -> 740.0315 | ... P8: =+'Detailed Assumps'!Z396 -> 791.42462 | Q8: =SUM(E8:P8) -> 6960.8889
C9: =+'Detailed Assumps'!A369 -> Total SPEED $ | D9: Energy | E9: =+'Detailed Assumps'!O373 -> 0 | F9: =+'Detailed Assumps'!P373 -> 0 | G9: =+'Detailed Assumps'!Q373 -> 0 | H9: =+'Detailed Assumps'!R373 -> 0 | I9: =+'Detailed Assumps'!S373 -> 0 | J9: =+'Detailed Assumps'!T373 -> 0 | K9: =+'Detailed Assumps'!U373 -> 0 | L9: =+'Detailed Assumps'!V373 -> 0 | ... P9: =+'Detailed Assumps'!Z373 -> 0 | Q9: =SUM(E9:P9) -> 0
C10: =+'Detailed Assumps'!A399 -> Encore - Alburgh | E10: =+'Detailed Assumps'!O404 -> 3867.0979 | F10: =+'Detailed Assumps'!P404 -> 11601.294 | G10: =+'Detailed Assumps'!Q404 -> 15790.65 | H10: =+'Detailed Assumps'!R404 -> 17724.199 | I10: =+'Detailed Assumps'!S404 -> 22558.071 | J10: =+'Detailed Assumps'!T404 -> 20946.78 | K10: =+'Detailed Assumps'!U404 -> 19657.747 | L10: =+'Detailed Assumps'!V404 -> 20302.264 | ... P10: =+'Detailed Assumps'!Z404 -> 3905.7688 | Q10: =SUM(E10:P10) -> 173091.3
C11: =+'Detailed Assumps'!A406 -> Encore - Magee Hill | E11: =+'Detailed Assumps'!O410 -> 2166.312 | F11: =+'Detailed Assumps'!P410 -> 10744.84 | G11: =+'Detailed Assumps'!Q410 -> 12972.906 | H11: =+'Detailed Assumps'!R410 -> 18343.275 | I11: =+'Detailed Assumps'!S410 -> 22956.563 | J11: =+'Detailed Assumps'!T410 -> 23475.316 | K11: =+'Detailed Assumps'!U410 -> 25456.368 | L11: =+'Detailed Assumps'!V410 -> 23279.562 | ... P11: =+'Detailed Assumps'!Z410 -> 3322.5155 | Q11: =SUM(E11:P11) -> 184180.03
C12: =+'Detailed Assumps'!A412 -> Bullrock - Grand Isle | E12: =+'Detailed Assumps'!O416 -> 15238.56 | F12: =+'Detailed Assumps'!P416 -> 52328.64 | G12: =+'Detailed Assumps'!Q416 -> 69867.36 | H12: =+'Detailed Assumps'!R416 -> 73605.12 | I12: =+'Detailed Assumps'!S416 -> 104082.24 | J12: =+'Detailed Assumps'!T416 -> 92581.44 | K12: =+'Detailed Assumps'!U416 -> 94881.6 | L12: =+'Detailed Assumps'!V416 -> 89706.24 | ... P12: =+'Detailed Assumps'!Z416 -> 15238.56 | Q12: =SUM(E12:P12) -> 769116
C13: =+'Detailed Assumps'!A677 -> Encore -Jericho - Gravel Pit | E13: =+'Detailed Assumps'!O423 -> 2145.4302 | F13: =+'Detailed Assumps'!P423 -> 15699.631 | G13: =+'Detailed Assumps'!Q423 -> 19170.767 | H13: =+'Detailed Assumps'!R423 -> 20913.914 | I13: =+'Detailed Assumps'!S423 -> 36388.224 | J13: =+'Detailed Assumps'!T423 -> 34980.232 | K13: =+'Detailed Assumps'!U423 -> 35131.69 | L13: =+'Detailed Assumps'!V423 -> 35131.69 | ... P13: =+'Detailed Assumps'!Z423 -> 5140.2987 | Q13: =SUM(E13:P13) -> 263338.38
C14: =+'Detailed Assumps'!A678 -> Encore - Jericho - Landfill | E14: =+'Detailed Assumps'!O429 -> 1353.3948 | F14: =+'Detailed Assumps'!P429 -> 12898.535 | G14: =+'Detailed Assumps'!Q429 -> 14912.707 | H14: =+'Detailed Assumps'!R429 -> 10642.804 | I14: =+'Detailed Assumps'!S429 -> 23862.724 | J14: =+'Detailed Assumps'!T429 -> 27849.233 | K14: =+'Detailed Assumps'!U429 -> 3599.6832 | L14: =+'Detailed Assumps'!V429 -> 20708.939 | ... P14: =+'Detailed Assumps'!Z429 -> 509.472 | Q14: =SUM(E14:P14) -> 149032.09
C15: =+'Detailed Assumps'!A376 -> Kingdom Community Wind | D15: Energy | E15: =+'Detailed Assumps'!O382 -> 232123 | F15: =+'Detailed Assumps'!P382 -> 232123 | G15: =+'Detailed Assumps'!Q382 -> 232123 | H15: =+'Detailed Assumps'!R382 -> 232123 | I15: =+'Detailed Assumps'!S382 -> 232123 | J15: =+'Detailed Assumps'!T382 -> 232123 | K15: =+'Detailed Assumps'!U382 -> 232123 | L15: =+'Detailed Assumps'!V382 -> 232123 | ... P15: =+'Detailed Assumps'!Z382 -> 228641 | Q15: =SUM(E15:P15) -> 2775030
C16: Kingdom Community Wind - FCM | D16: Demand | E16: =+'Detailed Assumps'!O755 -> -6319.8942 | F16: =+'Detailed Assumps'!P755 -> -6319.8942 | G16: =+'Detailed Assumps'!Q755 -> -6319.8942 | H16: =+'Detailed Assumps'!R755 -> -6319.5734 | I16: =+'Detailed Assumps'!S755 -> -6319.8942 | J16: =+'Detailed Assumps'!T755 -> -3768.3869 | K16: =+'Detailed Assumps'!U755 -> -3768.3869 | L16: =+'Detailed Assumps'!V755 -> -3768.3869 | ... P16: =+'Detailed Assumps'!Z755 -> -6273.3537 | Q16: =SUM(E16:P16) -> -65492.759
C17: First Wind - Index to Market | D17: Energy | E17: =+'Detailed Assumps'!O232 -> 120516.9 | F17: =+'Detailed Assumps'!P232 -> 183584.33 | G17: =+'Detailed Assumps'!Q232 -> 170392.49 | H17: =+'Detailed Assumps'!R232 -> 104271.68 | I17: =+'Detailed Assumps'!S232 -> 56148.59 | J17: =+'Detailed Assumps'!T232 -> 62232.426 | K17: =+'Detailed Assumps'!U232 -> 56029.653 | L17: =+'Detailed Assumps'!V232 -> 90201.546 | ... P17: =+'Detailed Assumps'!Z232 -> 153205.11 | Q17: =SUM(E17:P17) -> 1230765.4
C18: First Wind - Fixed Price - Energy | D18: Energy | E18: =+'Detailed Assumps'!O239 -> 47463.264 | F18: =+'Detailed Assumps'!P239 -> 82179.719 | G18: =+'Detailed Assumps'!Q239 -> 122646.35 | H18: =+'Detailed Assumps'!R239 -> 92793.681 | I18: =+'Detailed Assumps'!S239 -> 55841.789 | J18: =+'Detailed Assumps'!T239 -> 56702.006 | K18: =+'Detailed Assumps'!U239 -> 37022.038 | L18: =+'Detailed Assumps'!V239 -> 60558.877 | ... P18: =+'Detailed Assumps'!Z239 -> 76188.258 | Q18: =SUM(E18:P18) -> 822031.79
C19: First Wind - Fixed Price - FCM | D19: Demand | E19: =+'Detailed Assumps'!O754 -> 0 | F19: =+'Detailed Assumps'!P754 -> 0 | G19: =+'Detailed Assumps'!Q754 -> 0 | H19: =+'Detailed Assumps'!R754 -> 0 | I19: =+'Detailed Assumps'!S754 -> 0 | J19: =+'Detailed Assumps'!T754 -> 0 | K19: =+'Detailed Assumps'!U754 -> 0 | L19: =+'Detailed Assumps'!V754 -> 0 | ... P19: =+'Detailed Assumps'!Z754 -> 0 | Q19: =SUM(E19:P19) -> 0
C20: Howard Wind | E20: =+'Detailed Assumps'!O541 -> 519105.4 | F20: =+'Detailed Assumps'!P541 -> 468518.58 | G20: =+'Detailed Assumps'!Q541 -> 717383.99 | H20: =+'Detailed Assumps'!R541 -> 293184.15 | I20: =+'Detailed Assumps'!S541 -> 172034.3 | J20: =+'Detailed Assumps'!T541 -> 189232.83 | K20: =+'Detailed Assumps'!U541 -> 97238.395 | L20: =+'Detailed Assumps'!V541 -> 158129.04 | ... P20: =+'Detailed Assumps'!Z541 -> 357971.91 | Q20: =SUM(E20:P20) -> 3733473.2
C21: HQUS | D21: Energy | E21: =+'Detailed Assumps'!O183 -> 733286.4 | F21: =+'Detailed Assumps'!P183 -> 662323.2 | G21: =+'Detailed Assumps'!Q183 -> 733286.4 | H21: =+'Detailed Assumps'!R183 -> 709632 | I21: =+'Detailed Assumps'!S183 -> 733286.4 | J21: =+'Detailed Assumps'!T183 -> 709632 | K21: =+'Detailed Assumps'!U183 -> 733286.4 | L21: =+'Detailed Assumps'!V183 -> 733286.4 | ... P21: =+'Detailed Assumps'!Z183 -> 755284.99 | Q21: =SUM(E21:P21) -> 8677143.6
C22: Hydro Quebec ASE | D22: Energy | E22: =+'Detailed Assumps'!O205 -> 501701.31 | F22: =+'Detailed Assumps'!P205 -> 455990.06 | G22: =+'Detailed Assumps'!Q205 -> 304123.93 | H22: =+'Detailed Assumps'!R205 -> 175232.55 | I22: =+'Detailed Assumps'!S205 -> 231953.73 | J22: =+'Detailed Assumps'!T205 -> 449778.28 | K22: =+'Detailed Assumps'!U205 -> 762890.21 | L22: =+'Detailed Assumps'!V205 -> 611805.32 | ... P22: =+'Detailed Assumps'!Z205 -> 159046.8 | Q22: =SUM(E22:P22) -> 4922750.3
C23: HQ 2021-2023 | D23: Energy | Q23: =SUM(E23:P23) -> 0
C24: VEPPI | D24: Energy | E24: =+'Detailed Assumps'!O340 -> 0 | F24: =+'Detailed Assumps'!P340 -> 0 | G24: =+'Detailed Assumps'!Q340 -> 0 | H24: =+'Detailed Assumps'!R340 -> 0 | I24: =+'Detailed Assumps'!S340 -> 0 | J24: =+'Detailed Assumps'!T340 -> 0 | K24: =+'Detailed Assumps'!U340 -> 0 | L24: =+'Detailed Assumps'!V340 -> 0 | ... P24: =+'Detailed Assumps'!Z340 -> 0 | Q24: =SUM(E24:P24) -> 0
C25: VEPPI FCM Settlement | D25: Demand | E25: =+'Detailed Assumps'!O749 -> 0 | F25: =+'Detailed Assumps'!P749 -> 0 | G25: =+'Detailed Assumps'!Q749 -> 0 | H25: =+'Detailed Assumps'!R749 -> 0 | I25: =+'Detailed Assumps'!S749 -> 0 | J25: =+'Detailed Assumps'!T749 -> 0 | K25: =+'Detailed Assumps'!U749 -> 0 | L25: =+'Detailed Assumps'!V749 -> 0 | ... P25: =+'Detailed Assumps'!Z749 -> 0 | Q25: =SUM(E25:P25) -> 0
C26: SPEED FIT | D26: Energy | E26: =+'Detailed Assumps'!O356 -> 173078.18 | F26: =+'Detailed Assumps'!P356 -> 192065.03 | G26: =+'Detailed Assumps'!Q356 -> 336241.23 | H26: =+'Detailed Assumps'!R356 -> 427845.92 | I26: =+'Detailed Assumps'!S356 -> 411992.41 | J26: =+'Detailed Assumps'!T356 -> 406609.52 | K26: =+'Detailed Assumps'!U356 -> 392751.22 | L26: =+'Detailed Assumps'!V356 -> 383666.44 | ... P26: =+'Detailed Assumps'!Z356 -> 187372.7 | Q26: =SUM(E26:P26) -> 3858120
C27: SPEED FIT - FCM Settlement | E27: =+'Detailed Assumps'!O750 -> 0 | F27: =+'Detailed Assumps'!P750 -> 0 | G27: =+'Detailed Assumps'!Q750 -> 0 | H27: =+'Detailed Assumps'!R750 -> 0 | I27: =+'Detailed Assumps'!S750 -> 0 | J27: =+'Detailed Assumps'!T750 -> 0 | K27: =+'Detailed Assumps'!U750 -> 0 | L27: =+'Detailed Assumps'!V750 -> 0 | ... P27: =+'Detailed Assumps'!Z750 -> 0 | Q27: =SUM(E27:P27) -> 0
C28: Ryegate | E28: =+'Detailed Assumps'!O364 -> 94114.683 | F28: =+'Detailed Assumps'!P364 -> 133832.89 | G28: =+'Detailed Assumps'!Q364 -> 147738.9 | H28: =+'Detailed Assumps'!R364 -> 121181.64 | I28: =+'Detailed Assumps'!S364 -> 129674.46 | J28: =+'Detailed Assumps'!T364 -> 135016.33 | K28: =+'Detailed Assumps'!U364 -> 145863.77 | L28: =+'Detailed Assumps'!V364 -> 144930.51 | ... P28: =+'Detailed Assumps'!Z364 -> 117807.79 | Q28: =SUM(E28:P28) -> 1469062.2
C29: Boltonville | D29: Energy | E29: =+'Detailed Assumps'!O328 -> 0 | F29: =+'Detailed Assumps'!P328 -> 0 | G29: =+'Detailed Assumps'!Q328 -> 0 | H29: =+'Detailed Assumps'!R328 -> 0 | I29: =+'Detailed Assumps'!S328 -> 0 | J29: =+'Detailed Assumps'!T328 -> 0 | K29: =+'Detailed Assumps'!U328 -> 0 | L29: =+'Detailed Assumps'!V328 -> 0 | ... P29: =+'Detailed Assumps'!Z328 -> 0 | Q29: =SUM(E29:P29) -> 0
C30: Newport Hydro | D30: Energy | E30: =+'Detailed Assumps'!O319 -> 121050.38 | F30: =+'Detailed Assumps'!P319 -> 59361.728 | G30: =+'Detailed Assumps'!Q319 -> 193951.87 | H30: =+'Detailed Assumps'!R319 -> 185557.36 | I30: =+'Detailed Assumps'!S319 -> 174331.03 | J30: =+'Detailed Assumps'!T319 -> 112561.25 | K30: =+'Detailed Assumps'!U319 -> 166570.15 | L30: =+'Detailed Assumps'!V319 -> 107353.82 | ... P30: =+'Detailed Assumps'!Z319 -> 181056.56 | Q30: =SUM(E30:P30) -> 1584570.9
C31: St Lawrence | D31: Energy | E31: =+'Detailed Assumps'!O274 -> 2715.66 | F31: =+'Detailed Assumps'!P274 -> 3605.3 | G31: =+'Detailed Assumps'!Q274 -> 2185.08 | H31: =+'Detailed Assumps'!R274 -> 1782.13 | I31: =+'Detailed Assumps'!S274 -> 2511.94 | J31: =+'Detailed Assumps'!T274 -> 2322.09 | K31: =+'Detailed Assumps'!U274 -> 3564.0079 | L31: =+'Detailed Assumps'!V274 -> 2121.2099 | ... P31: =+'Detailed Assumps'!Z274 -> 3488.18 | Q31: =SUM(E31:P31) -> 30599.468
C32: Niagara | D32: Energy | E32: =+'Detailed Assumps'!O288 -> 112069.99 | F32: =+'Detailed Assumps'!P288 -> 134646.43 | G32: =+'Detailed Assumps'!Q288 -> 87582.25 | H32: =+'Detailed Assumps'!R288 -> 82035.46 | I32: =+'Detailed Assumps'!S288 -> 103989.92 | J32: =+'Detailed Assumps'!T288 -> 85444.53 | K32: =+'Detailed Assumps'!U288 -> 103219.31 | L32: =+'Detailed Assumps'!V288 -> 75538.277 | ... P32: =+'Detailed Assumps'!Z288 -> 115868.44 | Q32: =SUM(E32:P32) -> 1112825.4
C33: PSEG | D33: Capacity | E33: =+'Detailed Assumps'!O443 -> 0 | F33: =+'Detailed Assumps'!P443 -> 0 | G33: =+'Detailed Assumps'!Q443 -> 0 | H33: =+'Detailed Assumps'!R443 -> 0 | I33: =+'Detailed Assumps'!S443 -> 0 | J33: =+'Detailed Assumps'!T443 -> 0 | K33: =+'Detailed Assumps'!U443 -> 0 | L33: =+'Detailed Assumps'!V443 -> 0 | ... P33: =+'Detailed Assumps'!Z443 -> 0 | Q33: =SUM(E33:P33) -> 0
C34: =+'Detailed Assumps'!A483 -> EDF | E34: =+'Detailed Assumps'!O488 -> 0 | F34: =+'Detailed Assumps'!P488 -> 0 | G34: =+'Detailed Assumps'!Q488 -> 0 | H34: =+'Detailed Assumps'!R488 -> 0 | I34: =+'Detailed Assumps'!S488 -> 0 | J34: =+'Detailed Assumps'!T488 -> 0 | K34: =+'Detailed Assumps'!U488 -> 0 | L34: =+'Detailed Assumps'!V488 -> 0 | ... P34: =+'Detailed Assumps'!Z488 -> 0 | Q34: =SUM(E34:P34) -> 0
C35: NextEra - 2022-2025 - Energy | E35: =+'Detailed Assumps'!O614 -> 517555.15 | F35: =+'Detailed Assumps'!P614 -> 516458.85 | G35: =+'Detailed Assumps'!Q614 -> 353296.42 | H35: =+'Detailed Assumps'!R614 -> 184777.06 | I35: =+'Detailed Assumps'!S614 -> 154479.2 | J35: =+'Detailed Assumps'!T614 -> 262514.98 | K35: =+'Detailed Assumps'!U614 -> 415150.39 | L35: =+'Detailed Assumps'!V614 -> 284590.55 | ... P35: =+'Detailed Assumps'!Z614 -> 427209.74 | Q35: =SUM(E35:P35) -> 3835251.4
C36: Emera | E36: ='Detailed Assumps'!O644 -> 0 | F36: ='Detailed Assumps'!P644 -> 0 | G36: ='Detailed Assumps'!Q644 -> 0 | H36: ='Detailed Assumps'!R644 -> 0 | I36: ='Detailed Assumps'!S644 -> 0 | J36: ='Detailed Assumps'!T644 -> 0 | K36: ='Detailed Assumps'!U644 -> 0 | L36: ='Detailed Assumps'!V644 -> 0 | ... P36: ='Detailed Assumps'!Z644 -> 0 | Q36: =SUM(E36:P36) -> 0
C37: Merrill Lynch | E37: =+'Detailed Assumps'!O628 -> 0 | F37: =+'Detailed Assumps'!P628 -> 0 | G37: =+'Detailed Assumps'!Q628 -> 0 | H37: =+'Detailed Assumps'!R628 -> 0 | I37: =+'Detailed Assumps'!S628 -> 0 | J37: =+'Detailed Assumps'!T628 -> 0 | K37: =+'Detailed Assumps'!U628 -> 0 | L37: =+'Detailed Assumps'!V628 -> 0 | ... P37: =+'Detailed Assumps'!Z628 -> 0 | Q37: =SUM(E37:P37) -> 0
C38: NextEra Energy | E38: =+'Detailed Assumps'!O550 -> 0 | F38: =+'Detailed Assumps'!P550 -> 0 | G38: =+'Detailed Assumps'!Q550 -> 0 | H38: =+'Detailed Assumps'!R550 -> 0 | I38: =+'Detailed Assumps'!S550 -> 0 | J38: =+'Detailed Assumps'!T550 -> 0 | K38: =+'Detailed Assumps'!U550 -> 0 | L38: =+'Detailed Assumps'!V550 -> 0 | ... P38: =+'Detailed Assumps'!Z550 -> 0 | Q38: =SUM(E38:P38) -> 0
A39: =+'$'!C39 -> NextEra - Capacity | B39: =+'$'!D39 -> Demand | C39: NextEra - Capacity | D39: Demand | E39: =+'Detailed Assumps'!O581 -> 0 | F39: =+'Detailed Assumps'!P581 -> 0 | G39: =+'Detailed Assumps'!Q581 -> 0 | H39: =+'Detailed Assumps'!R581 -> 0 | I39: =+'Detailed Assumps'!S581 -> 0 | J39: =+'Detailed Assumps'!T581 -> 0 | K39: =+'Detailed Assumps'!U581 -> 0 | L39: =+'Detailed Assumps'!V581 -> 0 | ... P39: =+'Detailed Assumps'!Z581 -> 0 | Q39: =SUM(E39:P39) -> 0
C40: NextEra - Seabrook - Energy | E40: =+'Detailed Assumps'!O561 -> 551691.51 | F40: =+'Detailed Assumps'!P561 -> 498302.01 | G40: =+'Detailed Assumps'!Q561 -> 475820.45 | H40: =+'Detailed Assumps'!R561 -> 436823.19 | I40: =+'Detailed Assumps'!S561 -> 451383.96 | J40: =+'Detailed Assumps'!T561 -> 485359.1 | K40: =+'Detailed Assumps'!U561 -> 551691.51 | L40: =+'Detailed Assumps'!V561 -> 551691.51 | ... P40: =+'Detailed Assumps'!Z561 -> 551691.51 | Q40: =SUM(E40:P40) -> 5904393.5
C41: NextEra - Seabrook - Capacity | E41: =+'Detailed Assumps'!O568 -> 126503.37 | F41: =+'Detailed Assumps'!P568 -> 126503.37 | G41: =+'Detailed Assumps'!Q568 -> 126503.37 | H41: =+'Detailed Assumps'!R568 -> 126503.37 | I41: =+'Detailed Assumps'!S568 -> 126503.37 | J41: =+'Detailed Assumps'!T568 -> 129161.21 | K41: =+'Detailed Assumps'!U568 -> 129161.21 | L41: =+'Detailed Assumps'!V568 -> 129161.21 | ... P41: =+'Detailed Assumps'!Z568 -> 129161.21 | Q41: =SUM(E41:P41) -> 1536645.3
C42: =+'Detailed Assumps'!A632 -> JP Morgan | E42: =+'Detailed Assumps'!O637 -> 0 | F42: =+'Detailed Assumps'!P637 -> 0 | G42: =+'Detailed Assumps'!Q637 -> 0 | H42: =+'Detailed Assumps'!R637 -> 0 | I42: =+'Detailed Assumps'!S637 -> 0 | J42: =+'Detailed Assumps'!T637 -> 0 | K42: =+'Detailed Assumps'!U637 -> 0 | L42: =+'Detailed Assumps'!V637 -> 0 | ... P42: =+'Detailed Assumps'!Z637 -> 0 | Q42: =SUM(E42:P42) -> 0
C43: BP Energy | E43: =+'Detailed Assumps'!O599 -> 0 | F43: =+'Detailed Assumps'!P599 -> 0 | G43: =+'Detailed Assumps'!Q599 -> 0 | H43: =+'Detailed Assumps'!R599 -> 0 | I43: =+'Detailed Assumps'!S599 -> 0 | J43: =+'Detailed Assumps'!T599 -> 0 | K43: =+'Detailed Assumps'!U599 -> 0 | L43: =+'Detailed Assumps'!V599 -> 0 | ... P43: =+'Detailed Assumps'!Z599 -> 0 | Q43: =SUM(E43:P43) -> 0
C44: =+'Detailed Assumps'!A516 -> Excelon - Energy | D44: Energy | E44: =+'Detailed Assumps'!O533 -> 0 | F44: =+'Detailed Assumps'!P533 -> 0 | G44: =+'Detailed Assumps'!Q533 -> 0 | H44: =+'Detailed Assumps'!R533 -> 0 | I44: =+'Detailed Assumps'!S533 -> 0 | J44: =+'Detailed Assumps'!T533 -> 0 | K44: =+'Detailed Assumps'!U533 -> 0 | L44: =+'Detailed Assumps'!V533 -> 0 | ... P44: =+'Detailed Assumps'!Z533 -> 0 | Q44: =SUM(E44:P44) -> 0
A45: =+'$'!C45 -> Excelon - Capacity | B45: =+'$'!D45 -> Demand | C45: Excelon - Capacity | D45: Demand | E45: =+'Detailed Assumps'!O513 -> 0 | F45: =+'Detailed Assumps'!P513 -> 0 | G45: =+'Detailed Assumps'!Q513 -> 0 | H45: =+'Detailed Assumps'!R513 -> 0 | I45: =+'Detailed Assumps'!S513 -> 0 | J45: =+'Detailed Assumps'!T513 -> 0 | K45: =+'Detailed Assumps'!U513 -> 0 | L45: =+'Detailed Assumps'!V513 -> 0 | ... P45: =+'Detailed Assumps'!Z513 -> 0 | Q45: =SUM(E45:P45) -> 0
C46: Brookfield - Capacity | E46: ='Detailed Assumps'!O476 -> 23750 | F46: ='Detailed Assumps'!P476 -> 23750 | G46: ='Detailed Assumps'!Q476 -> 23750 | H46: ='Detailed Assumps'!R476 -> 23750 | I46: ='Detailed Assumps'!S476 -> 23750 | J46: ='Detailed Assumps'!T476 -> 23750 | K46: ='Detailed Assumps'!U476 -> 23750 | L46: ='Detailed Assumps'!V476 -> 23750 | ... P46: ='Detailed Assumps'!Z476 -> 23750 | Q46: =SUM(E46:P46) -> 285000
C47: HQ ICC Settlement | E47: =+'Detailed Assumps'!O756 -> -11371.75 | F47: =+'Detailed Assumps'!P756 -> -11371.75 | G47: =+'Detailed Assumps'!Q756 -> -11371.75 | H47: =+'Detailed Assumps'!R756 -> -11371.75 | I47: =+'Detailed Assumps'!S756 -> -11371.75 | J47: =+'Detailed Assumps'!T756 -> -11794.96 | K47: =+'Detailed Assumps'!U756 -> -11795.84 | L47: =+'Detailed Assumps'!V756 -> -11795.84 | ... P47: =+'Detailed Assumps'!Z756 -> -11795.84 | Q47: =SUM(E47:P47) -> -139428.75
C48: Net Metering | D48: Energy | Q48: =SUM(E48:P48) -> 0
C49: Settlement - Energy | D49: Energy | E49: =+'Detailed Assumps'!O738+'Detailed Assumps'!O740+'Detailed Assumps'!O741+'Detailed Assumps'!O742+'Detailed Assumps'!O743+'$'!E92 -> 437597.65 | F49: =+'Detailed Assumps'!P738+'Detailed Assumps'!P740+'Detailed Assumps'!P741+'Detailed Assumps'!P742+'Detailed Assumps'!P743+'$'!F92 -> -62238.352 | G49: =+'Detailed Assumps'!Q738+'Detailed Assumps'!Q740+'Detailed Assumps'!Q741+'Detailed Assumps'!Q742+'Detailed Assumps'!Q743+'$'!G92 -> -239971.42 | H49: =+'Detailed Assumps'!R738+'Detailed Assumps'!R740+'Detailed Assumps'!R741+'Detailed Assumps'!R742+'Detailed Assumps'!R743+'$'!H92 -> -273540.71 | I49: =+'Detailed Assumps'!S738+'Detailed Assumps'!S740+'Detailed Assumps'!S741+'Detailed Assumps'!S742+'Detailed Assumps'!S743+'$'!I92 -> -283157.92 | J49: =+'Detailed Assumps'!T738+'Detailed Assumps'!T740+'Detailed Assumps'!T741+'Detailed Assumps'!T742+'Detailed Assumps'!T743+'$'!J92 -> -390113.05 | K49: =+'Detailed Assumps'!U738+'Detailed Assumps'!U740+'Detailed Assumps'!U741+'Detailed Assumps'!U742+'Detailed Assumps'!U743+'$'!K92 -> -657022.61 | L49: =+'Detailed Assumps'!V738+'Detailed Assumps'!V740+'Detailed Assumps'!V741+'Detailed Assumps'!V742+'Detailed Assumps'!V743+'$'!L92 -> -531895.02 | ... P49: =+'Detailed Assumps'!Z738+'Detailed Assumps'!Z740+'Detailed Assumps'!Z741+'Detailed Assumps'!Z742+'Detailed Assumps'!Z743+'$'!P92 -> 425118.03 | Q49: =SUM(E49:P49) -> -2269639.8
C50: Settlement - Regulation | D50: Regulation | E50: =+'Detailed Assumps'!O873 -> 9253.057 | F50: =+'Detailed Assumps'!P873 -> 5011.4102 | G50: =+'Detailed Assumps'!Q873 -> 4207.256 | H50: =+'Detailed Assumps'!R873 -> 3480.5 | I50: =+'Detailed Assumps'!S873 -> 2387.92 | J50: =+'Detailed Assumps'!T873 -> 3100.23 | K50: =+'Detailed Assumps'!U873 -> 7303.869 | L50: =+'Detailed Assumps'!V873 -> 6113.166 | ... P50: =+'Detailed Assumps'!Z873 -> 9971.445 | Q50: =SUM(E50:P50) -> 69854.202
C51: Settlement - DA NCPC | D51: DA NCPC | E51: =+'Detailed Assumps'!O882 -> 1770.92 | F51: =+'Detailed Assumps'!P882 -> 376.79776 | G51: =+'Detailed Assumps'!Q882 -> 728.98 | H51: =+'Detailed Assumps'!R882 -> 835.32 | I51: =+'Detailed Assumps'!S882 -> 691.24 | J51: =+'Detailed Assumps'!T882 -> 601.065 | K51: =+'Detailed Assumps'!U882 -> 700.371 | L51: =+'Detailed Assumps'!V882 -> 446.624 | ... P51: =+'Detailed Assumps'!Z882 -> 1833.315 | Q51: =SUM(E51:P51) -> 11963.743
C52: Settlement - RT NCPC | D52: RT NCPC | E52: =+'Detailed Assumps'!O883 -> 7172.226 | F52: =+'Detailed Assumps'!P883 -> 150.7191 | G52: =+'Detailed Assumps'!Q883 -> 3290.824 | H52: =+'Detailed Assumps'!R883 -> 3550.11 | I52: =+'Detailed Assumps'!S883 -> 3958.92 | J52: =+'Detailed Assumps'!T883 -> 1834.83 | K52: =+'Detailed Assumps'!U883 -> 3701.961 | L52: =+'Detailed Assumps'!V883 -> 1339.872 | ... P52: =+'Detailed Assumps'!Z883 -> 6304.815 | Q52: =SUM(E52:P52) -> 46927.943
C53: Settlement - Locational Forward Reserves | D53: Locational Forward Reserves | E53: =+'Detailed Assumps'!O894 -> 18196.203 | F53: =+'Detailed Assumps'!P894 -> 16277.663 | G53: =+'Detailed Assumps'!Q894 -> 17328.896 | H53: =+'Detailed Assumps'!R894 -> 13434.73 | I53: =+'Detailed Assumps'!S894 -> 10619.96 | J53: =+'Detailed Assumps'!T894 -> 12009.225 | K53: =+'Detailed Assumps'!U894 -> 16508.745 | L53: =+'Detailed Assumps'!V894 -> 20070.166 | ... P53: =+'Detailed Assumps'!Z894 -> 23430.66 | Q53: =SUM(E53:P53) -> 219821.16
C54: Settlement - Losses | D54: Losses | E54: =+'Detailed Assumps'!O814 -> 63363.91 | F54: =+'Detailed Assumps'!P814 -> 33657.169 | G54: =+'Detailed Assumps'!Q814 -> 19911.518 | H54: =+'Detailed Assumps'!R814 -> 11853.024 | I54: =+'Detailed Assumps'!S814 -> 9022.2137 | J54: =+'Detailed Assumps'!T814 -> 32961.067 | K54: =+'Detailed Assumps'!U814 -> 35887.475 | L54: =+'Detailed Assumps'!V814 -> 31280.758 | ... P54: =+'Detailed Assumps'!Z814 -> 63877.533 | Q54: =SUM(E54:P54) -> 398207.06
C55: Settlement - Congestion | D55: Congestion | E55: =+'Detailed Assumps'!O867 -> 25605.874 | F55: =+'Detailed Assumps'!P867 -> 43978.097 | G55: =+'Detailed Assumps'!Q867 -> 6526.157 | H55: =+'Detailed Assumps'!R867 -> 33857.412 | I55: =+'Detailed Assumps'!S867 -> 253.78557 | J55: =+'Detailed Assumps'!T867 -> 31492.348 | K55: =+'Detailed Assumps'!U867 -> 4959.159 | L55: =+'Detailed Assumps'!V867 -> 4700.7309 | ... P55: =+'Detailed Assumps'!Z867 -> 21426.536 | Q55: =SUM(E55:P55) -> 199171.77
C56: Settlement - ARR | D56: ARR | E56: =+'Detailed Assumps'!O941 -> -16643.87 | F56: =+'Detailed Assumps'!P941 -> -11321.47 | G56: =+'Detailed Assumps'!Q941 -> -5406.59 | H56: =+'Detailed Assumps'!R941 -> 3906.69 | I56: =+'Detailed Assumps'!S941 -> -11394.69 | J56: =+'Detailed Assumps'!T941 -> -3136.94 | K56: =+'Detailed Assumps'!U941 -> -5840.63 | L56: =+'Detailed Assumps'!V941 -> -4417.37 | ... P56: =+'Detailed Assumps'!Z941 -> -10311.3 | Q56: =SUM(E56:P56) -> -80360.32
C57: Settlement - FTR | D57: FTR | E57: 0 | F57: 0 | G57: 0 | H57: 0 | I57: 0 | J57: 0 | K57: 0 | L57: 0 | M57: 0 | N57: 0 | O57: 0 | P57: 0 | Q57: =SUM(E57:P57) -> 0
C58: Settlement - ICAP | D58: ICAP | E58: =+'Detailed Assumps'!O753 -> 88096.015 | F58: =+'Detailed Assumps'!P753 -> 88096.015 | G58: =+'Detailed Assumps'!Q753 -> 88096.015 | H58: =+'Detailed Assumps'!R753 -> 88084.887 | I58: =+'Detailed Assumps'!S753 -> 88096.015 | J58: =+'Detailed Assumps'!T753 -> 113966 | K58: =+'Detailed Assumps'!U753 -> 113966.38 | L58: =+'Detailed Assumps'!V753 -> 113966.38 | ... P58: =+'Detailed Assumps'!Z753 -> 113966.38 | Q58: =SUM(E58:P58) -> 1238233.2
C59: Settlement - Miscellaneous | D59: Miscellaneous | E59: =+'Detailed Assumps'!O930 -> -4187.54 | F59: =+'Detailed Assumps'!P930 -> 5105.22 | G59: =+'Detailed Assumps'!Q930 -> 4738.47 | H59: =+'Detailed Assumps'!R930 -> 5251.75 | I59: =+'Detailed Assumps'!S930 -> 5036.44 | J59: =+'Detailed Assumps'!T930 -> 3309.9 | K59: =+'Detailed Assumps'!U930 -> 5275.22 | L59: =+'Detailed Assumps'!V930 -> 3972.58 | ... P59: =+'Detailed Assumps'!Z930 -> -16011.32 | Q59: =SUM(E59:P59) -> 24673.79
C60: Mystic Cost of Service | E60: ='Detailed Assumps'!O907 -> 0 | F60: ='Detailed Assumps'!P907 -> 0 | G60: ='Detailed Assumps'!Q907 -> 0 | H60: ='Detailed Assumps'!R907 -> 0 | I60: ='Detailed Assumps'!S907 -> 0 | J60: ='Detailed Assumps'!T907 -> 0 | K60: ='Detailed Assumps'!U907 -> 0 | L60: ='Detailed Assumps'!V907 -> 0 | ... P60: ='Detailed Assumps'!Z907 -> 0 | Q60: =SUM(E60:P60) -> 0
C61: ISO NE IEP Program | E61: ='Detailed Assumps'!O908 -> 104669.77 | F61: ='Detailed Assumps'!P908 -> 97030.16 | G61: ='Detailed Assumps'!Q908 -> 0 | H61: ='Detailed Assumps'!R908 -> 0 | I61: ='Detailed Assumps'!S908 -> 0 | J61: ='Detailed Assumps'!T908 -> 0 | K61: ='Detailed Assumps'!U908 -> 0 | L61: ='Detailed Assumps'!V908 -> 0 | ... P61: ='Detailed Assumps'!Z908 -> 0 | Q61: =SUM(E61:P61) -> 201699.93
C62: Renewable Energy Certificates | Q62: =SUM(E62:P62) -> 0
C63: =+'Detailed Assumps'!A1078 -> Tier 1 High Value RECs - Contracted - MA | E63: =+'Detailed Assumps'!O1074 -> -124916.67 | F63: =+'Detailed Assumps'!P1074 -> -124916.67 | G63: =+'Detailed Assumps'!Q1074 -> -124916.67 | H63: =+'Detailed Assumps'!R1074 -> -124916.67 | I63: =+'Detailed Assumps'!S1074 -> -124916.67 | J63: =+'Detailed Assumps'!T1074 -> -124916.67 | K63: =+'Detailed Assumps'!U1074 -> -124916.67 | L63: =+'Detailed Assumps'!V1074 -> -124916.67 | ... P63: =+'Detailed Assumps'!Z1074 -> -124916.67 | Q63: =SUM(E63:P63) -> -1499000
C64: =+'Detailed Assumps'!A1079 -> Tier 1 High Value RECs - Contracted - CT | E64: =+'Detailed Assumps'!O1075 -> 0 | F64: =+'Detailed Assumps'!P1075 -> 0 | G64: =+'Detailed Assumps'!Q1075 -> 0 | H64: =+'Detailed Assumps'!R1075 -> 0 | I64: =+'Detailed Assumps'!S1075 -> 0 | J64: =+'Detailed Assumps'!T1075 -> 0 | K64: =+'Detailed Assumps'!U1075 -> 0 | L64: =+'Detailed Assumps'!V1075 -> 0 | ... P64: =+'Detailed Assumps'!Z1075 -> 0 | Q64: =SUM(E64:P64) -> 0
C65: ='Detailed Assumps'!A1083 -> Tier 2 High Value RECs - Contracted - MA | E65: ='Detailed Assumps'!O1083 -> 0 | F65: ='Detailed Assumps'!P1083 -> 0 | G65: ='Detailed Assumps'!Q1083 -> 0 | H65: ='Detailed Assumps'!R1083 -> 0 | I65: ='Detailed Assumps'!S1083 -> 0 | J65: ='Detailed Assumps'!T1083 -> 0 | K65: ='Detailed Assumps'!U1083 -> 0 | L65: ='Detailed Assumps'!V1083 -> 0 | ... P65: ='Detailed Assumps'!Z1083 -> 0 | Q65: =SUM(E65:P65) -> 0
C66: =+'Detailed Assumps'!A1098 -> Tier 1 High Value RECs - Proxy for Uncontracted Sales - MA | E66: =+'Detailed Assumps'!O1098 -> 0 | F66: =+'Detailed Assumps'!P1098 -> 0 | G66: =+'Detailed Assumps'!Q1098 -> 0 | H66: =+'Detailed Assumps'!R1098 -> 0 | I66: =+'Detailed Assumps'!S1098 -> 0 | J66: =+'Detailed Assumps'!T1098 -> 0 | K66: =+'Detailed Assumps'!U1098 -> 0 | L66: =+'Detailed Assumps'!V1098 -> 0 | ... P66: =+'Detailed Assumps'!Z1098 -> -1157734 | Q66: =SUM(E66:P66) -> -1157734
C67: =+'Detailed Assumps'!A1099 -> Tier 1 High Value RECs - Proxy for Uncontracted Sales - CT | E67: =+'Detailed Assumps'!O1099 -> 0 | F67: =+'Detailed Assumps'!P1099 -> 0 | G67: =+'Detailed Assumps'!Q1099 -> 0 | H67: =+'Detailed Assumps'!R1099 -> 0 | I67: =+'Detailed Assumps'!S1099 -> 0 | J67: =+'Detailed Assumps'!T1099 -> 0 | K67: =+'Detailed Assumps'!U1099 -> 0 | L67: =+'Detailed Assumps'!V1099 -> 0 | ... P67: =+'Detailed Assumps'!Z1099 -> -431172.98 | Q67: =SUM(E67:P67) -> -431172.98
C68: =+'Detailed Assumps'!A1101 -> Proxy Sale of Excess Tier 1 Low-Value | E68: =+'Detailed Assumps'!O1101 -> 0 | F68: =+'Detailed Assumps'!P1101 -> 0 | G68: =+'Detailed Assumps'!Q1101 -> 0 | H68: =+'Detailed Assumps'!R1101 -> 0 | I68: =+'Detailed Assumps'!S1101 -> 0 | J68: =+'Detailed Assumps'!T1101 -> 0 | K68: =+'Detailed Assumps'!U1101 -> 0 | L68: =+'Detailed Assumps'!V1101 -> 0 | ... P68: =+'Detailed Assumps'!Z1101 -> -95000 | Q68: =SUM(E68:P68) -> -95000
C69: =+'Detailed Assumps'!A1102 -> Proxy Sale of Excess Tier 2 | E69: =+'Detailed Assumps'!O1102 -> 0 | F69: =+'Detailed Assumps'!P1102 -> 0 | G69: =+'Detailed Assumps'!Q1102 -> 0 | H69: =+'Detailed Assumps'!R1102 -> 0 | I69: =+'Detailed Assumps'!S1102 -> 0 | J69: =+'Detailed Assumps'!T1102 -> 0 | K69: =+'Detailed Assumps'!U1102 -> 0 | L69: =+'Detailed Assumps'!V1102 -> 0 | ... P69: =+'Detailed Assumps'!Z1102 -> -1044391.3 | Q69: =SUM(E69:P69) -> -1044391.3
C70: 100% Carbon Free | E70: =+'Detailed Assumps'!O1103 -> 0 | F70: =+'Detailed Assumps'!P1103 -> 0 | G70: =+'Detailed Assumps'!Q1103 -> 0 | H70: =+'Detailed Assumps'!R1103 -> 0 | I70: =+'Detailed Assumps'!S1103 -> 0 | J70: =+'Detailed Assumps'!T1103 -> 0 | K70: =+'Detailed Assumps'!U1103 -> 0 | L70: =+'Detailed Assumps'!V1103 -> 0 | ... P70: =+'Detailed Assumps'!Z1103 -> 574003.73 | Q70: =SUM(E70:P70) -> 574003.73
C71: =+'Detailed Assumps'!A1091 -> Tier 1 High Value RECs -MA - Proxy Purchase to Fulfill Contract Shortfall | E71: =+'Detailed Assumps'!O1091 -> 0 | F71: =+'Detailed Assumps'!P1091 -> 0 | G71: =+'Detailed Assumps'!Q1091 -> 0 | H71: =+'Detailed Assumps'!R1091 -> 0 | I71: =+'Detailed Assumps'!S1091 -> 0 | J71: =+'Detailed Assumps'!T1091 -> 0 | K71: =+'Detailed Assumps'!U1091 -> 0 | L71: =+'Detailed Assumps'!V1091 -> 0 | ... P71: =+'Detailed Assumps'!Z1091 -> 0 | Q71: =SUM(E71:P71) -> 0
C72: =+'Detailed Assumps'!A1092 -> Tier 1 High Value RECs -CT - Proxy Purchase to Fulfill Contract Shortfall | E72: =+'Detailed Assumps'!O1092 -> 0 | F72: =+'Detailed Assumps'!P1092 -> 0 | G72: =+'Detailed Assumps'!Q1092 -> 0 | H72: =+'Detailed Assumps'!R1092 -> 0 | I72: =+'Detailed Assumps'!S1092 -> 0 | J72: =+'Detailed Assumps'!T1092 -> 0 | K72: =+'Detailed Assumps'!U1092 -> 0 | L72: =+'Detailed Assumps'!V1092 -> 0 | ... P72: =+'Detailed Assumps'!Z1092 -> 0 | Q72: =SUM(E72:P72) -> 0
C73: =+'Detailed Assumps'!A1093 -> Tier 1 Low-Value - Proxy Purchase to meet VT RES | E73: =+'Detailed Assumps'!O1093 -> 0 | F73: =+'Detailed Assumps'!P1093 -> 0 | G73: =+'Detailed Assumps'!Q1093 -> 0 | H73: =+'Detailed Assumps'!R1093 -> 0 | I73: =+'Detailed Assumps'!S1093 -> 0 | J73: =+'Detailed Assumps'!T1093 -> 0 | K73: =+'Detailed Assumps'!U1093 -> 0 | L73: =+'Detailed Assumps'!V1093 -> 0 | ... P73: =+'Detailed Assumps'!Z1093 -> 142833.69 | Q73: =SUM(E73:P73) -> 142833.69
C74: =+'Detailed Assumps'!A1094 -> Tier 2 - Proxy Purchase to meet VT RES | E74: =+'Detailed Assumps'!O1094 -> 0 | F74: =+'Detailed Assumps'!P1094 -> 0 | G74: =+'Detailed Assumps'!Q1094 -> 0 | H74: =+'Detailed Assumps'!R1094 -> 0 | I74: =+'Detailed Assumps'!S1094 -> 0 | J74: =+'Detailed Assumps'!T1094 -> 0 | K74: =+'Detailed Assumps'!U1094 -> 0 | L74: =+'Detailed Assumps'!V1094 -> 0 | ... P74: =+'Detailed Assumps'!Z1094 -> 0 | Q74: =SUM(E74:P74) -> 0
C75: =+'Detailed Assumps'!A445 -> GDF Suez ME Class II RECs | E75: =+'Detailed Assumps'!O448 -> 0 | F75: =+'Detailed Assumps'!P448 -> 0 | G75: =+'Detailed Assumps'!Q448 -> 0 | H75: =+'Detailed Assumps'!R448 -> 0 | I75: =+'Detailed Assumps'!S448 -> 0 | J75: =+'Detailed Assumps'!T448 -> 0 | K75: =+'Detailed Assumps'!U448 -> 0 | L75: =+'Detailed Assumps'!V448 -> 0 | ... P75: =+'Detailed Assumps'!Z448 -> 0 | Q75: =SUM(E75:P75) -> 0
C76: =+'Detailed Assumps'!A450 -> Great River RECs | E76: =+'Detailed Assumps'!O453 -> 0 | F76: =+'Detailed Assumps'!P453 -> 0 | G76: =+'Detailed Assumps'!Q453 -> 0 | H76: =+'Detailed Assumps'!R453 -> 0 | I76: =+'Detailed Assumps'!S453 -> 0 | J76: =+'Detailed Assumps'!T453 -> 0 | K76: =+'Detailed Assumps'!U453 -> 0 | L76: =+'Detailed Assumps'!V453 -> 0 | ... P76: =+'Detailed Assumps'!Z453 -> 0 | Q76: =SUM(E76:P76) -> 0
C77: =+'Detailed Assumps'!A455 -> STX RECs | E77: =+'Detailed Assumps'!O458 -> 0 | F77: =+'Detailed Assumps'!P458 -> 0 | G77: =+'Detailed Assumps'!Q458 -> 0 | H77: =+'Detailed Assumps'!R458 -> 0 | I77: =+'Detailed Assumps'!S458 -> 0 | J77: =+'Detailed Assumps'!T458 -> 0 | K77: =+'Detailed Assumps'!U458 -> 0 | L77: =+'Detailed Assumps'!V458 -> 0 | ... P77: =+'Detailed Assumps'!Z458 -> 0 | Q77: =SUM(E77:P77) -> 0
C78: Carry Over from Previous Year | E78: =+'Detailed Assumps'!O1179 -> 0 | F78: =+'Detailed Assumps'!P1179 -> 0 | G78: =+'Detailed Assumps'!Q1179 -> 0 | H78: =+'Detailed Assumps'!R1179 -> 0 | I78: =+'Detailed Assumps'!S1179 -> 0 | J78: =+'Detailed Assumps'!T1179 -> 0 | K78: =+'Detailed Assumps'!U1179 -> 0 | L78: =+'Detailed Assumps'!V1179 -> 0 | ... P78: =+'Detailed Assumps'!Z1179 -> 0 | Q78: =SUM(E78:P78) -> 0
C79: VPPSA Peaker | D79: Demand | E79: =+'Detailed Assumps'!O654 -> 25750.717 | F79: =+'Detailed Assumps'!P654 -> 25190.304 | G79: =+'Detailed Assumps'!Q654 -> 25190.304 | H79: =+'Detailed Assumps'!R654 -> 25531.195 | I79: =+'Detailed Assumps'!S654 -> 26851.108 | J79: =+'Detailed Assumps'!T654 -> 25190.304 | K79: =+'Detailed Assumps'!U654 -> 37473.727 | L79: =+'Detailed Assumps'!V654 -> 29507.929 | ... P79: =+'Detailed Assumps'!Z654 -> 28210.009 | Q79: =SUM(E79:P79) -> 324466.51
C80: VPPSA FCM Settlement | E80: =+'Detailed Assumps'!O751 -> 32.37 | F80: =+'Detailed Assumps'!P751 -> 32.37 | G80: =+'Detailed Assumps'!Q751 -> 32.37 | H80: =+'Detailed Assumps'!R751 -> 32.37 | I80: =+'Detailed Assumps'!S751 -> 32.37 | J80: =+'Detailed Assumps'!T751 -> 33.07 | K80: =+'Detailed Assumps'!U751 -> 33.07 | L80: =+'Detailed Assumps'!V751 -> 33.07 | ... P80: =+'Detailed Assumps'!Z751 -> 33.07 | Q80: =SUM(E80:P80) -> 393.34
C81: VELCO FCM Settlement | E81: =+'Detailed Assumps'!O752 -> -17362.821 | F81: =+'Detailed Assumps'!P752 -> -17362.821 | G81: =+'Detailed Assumps'!Q752 -> -17362.821 | H81: =+'Detailed Assumps'!R752 -> -17362.821 | I81: =+'Detailed Assumps'!S752 -> -17362.821 | J81: =+'Detailed Assumps'!T752 -> -18984.988 | K81: =+'Detailed Assumps'!U752 -> -18984.988 | L81: =+'Detailed Assumps'!V752 -> -18984.988 | ... P81: =+'Detailed Assumps'!Z752 -> -18984.988 | Q81: =SUM(E81:P81) -> -219709.02
C82: VELCO - VJO & NYPA Fees | E82: =+'Detailed Assumps'!O60 -> 1082.26 | F82: =+'Detailed Assumps'!P60 -> 1277.07 | G82: =+'Detailed Assumps'!Q60 -> 1488 | H82: =+'Detailed Assumps'!R60 -> 1086.66 | I82: =+'Detailed Assumps'!S60 -> 1023.26 | J82: =+'Detailed Assumps'!T60 -> 1263.39 | K82: =+'Detailed Assumps'!U60 -> 1343.49 | L82: =+'Detailed Assumps'!V60 -> 1103.91 | ... P82: =+'Detailed Assumps'!Z60 -> 1301.81 | Q82: =SUM(E82:P82) -> 14733.56
C83: VELCO IBT Scheduling | E83: =+'Detailed Assumps'!O62 -> 282.27 | F83: =+'Detailed Assumps'!P62 -> 211.66 | G83: =+'Detailed Assumps'!Q62 -> 270.78 | H83: =+'Detailed Assumps'!R62 -> 252.29 | I83: =+'Detailed Assumps'!S62 -> 242.19 | J83: =+'Detailed Assumps'!T62 -> 270.3 | K83: =+'Detailed Assumps'!U62 -> 239.06 | L83: =+'Detailed Assumps'!V62 -> 256.2 | ... P83: =+'Detailed Assumps'!Z62 -> 193.74 | Q83: =SUM(E83:P83) -> 2962.25
C84: Viridity Battery | D84: Service | E84: =+'Detailed Assumps'!O658 -> 11583.33 | F84: =+'Detailed Assumps'!P658 -> 11583.33 | G84: =+'Detailed Assumps'!Q658 -> 11583.33 | H84: =+'Detailed Assumps'!R658 -> 11583.33 | I84: =+'Detailed Assumps'!S658 -> 11583.33 | J84: =+'Detailed Assumps'!T658 -> 11583.33 | K84: =+'Detailed Assumps'!U658 -> 11583.33 | L84: =+'Detailed Assumps'!V658 -> 11583.33 | ... P84: =+'Detailed Assumps'!Z658 -> 11583.33 | Q84: =SUM(E84:P84) -> 138999.96
C85: Viridity Battery | D85: SC5 Billing | E85: =+'Detailed Assumps'!O660 -> -4958.64 | F85: =+'Detailed Assumps'!P660 -> -4293.11 | G85: =+'Detailed Assumps'!Q660 -> -6331.23 | H85: =+'Detailed Assumps'!R660 -> -4989.27 | I85: =+'Detailed Assumps'!S660 -> -3386.18 | J85: =+'Detailed Assumps'!T660 -> -7420.85 | K85: =+'Detailed Assumps'!U660 -> -3849.17 | L85: =+'Detailed Assumps'!V660 -> -3214.97 | ... P85: =+'Detailed Assumps'!Z660 -> -9658.05 | Q85: =SUM(E85:P85) -> -62358.41
C86: WEG/Carval Battery | E86: ='Detailed Assumps'!O662 -> 0 | F86: ='Detailed Assumps'!P662 -> 0 | G86: ='Detailed Assumps'!Q662 -> 0 | H86: ='Detailed Assumps'!R662 -> 0 | I86: ='Detailed Assumps'!S662 -> 0 | J86: ='Detailed Assumps'!T662 -> 0 | K86: ='Detailed Assumps'!U662 -> 0 | L86: ='Detailed Assumps'!V662 -> 0 | ... P86: ='Detailed Assumps'!Z662 -> 0 | Q86: =SUM(E86:P86) -> 0
C87: VELCO Radio Site Battery Fee | E87: ='Detailed Assumps'!O663 -> 3772.44 | F87: ='Detailed Assumps'!P663 -> 3772.44 | G87: ='Detailed Assumps'!Q663 -> 3772.44 | H87: ='Detailed Assumps'!R663 -> 3772.44 | I87: ='Detailed Assumps'!S663 -> 3772.44 | J87: ='Detailed Assumps'!T663 -> 3772.44 | K87: ='Detailed Assumps'!U663 -> 3772.44 | L87: ='Detailed Assumps'!V663 -> 3772.44 | ... P87: ='Detailed Assumps'!Z663 -> 3772.44 | Q87: =SUM(E87:P87) -> 45269.28
C88: ISO Winter Reliability Program | E88: =+'Detailed Assumps'!O906 -> 0 | F88: =+'Detailed Assumps'!P906 -> 0 | G88: =+'Detailed Assumps'!Q906 -> 0 | H88: =+'Detailed Assumps'!R906 -> 0 | I88: =+'Detailed Assumps'!S906 -> 0 | J88: =+'Detailed Assumps'!T906 -> 0 | K88: =+'Detailed Assumps'!U906 -> 0 | L88: =+'Detailed Assumps'!V906 -> 0 | ... P88: =+'Detailed Assumps'!Z906 -> 0 | Q88: =SUM(E88:P88) -> 0
C89: =+'Detailed Assumps'!A1222 -> REC Purchases to cover shortfall from previous calendar year | E89: =+'Detailed Assumps'!O1222 -> 0 | F89: =+'Detailed Assumps'!P1222 -> 0 | G89: =+'Detailed Assumps'!Q1222 -> 0 | H89: =+'Detailed Assumps'!R1222 -> 0 | I89: =+'Detailed Assumps'!S1222 -> 0 | J89: =+'Detailed Assumps'!T1222 -> 0 | K89: =+'Detailed Assumps'!U1222 -> 0 | L89: =+'Detailed Assumps'!V1222 -> 0 | ... P89: =+'Detailed Assumps'!Z1222 -> 0 | Q89: =SUM(E89:P89) -> 0
C90: Total Purchase Power at PTF | E90: =SUM(E7:E89) -> 4514623.5 | F90: =SUM(F7:F89) -> 3970926.8 | G90: =SUM(G7:G89) -> 3936368 | H90: =SUM(H7:H89) -> 3108003.5 | I90: =SUM(I7:I89) -> 2976197.4 | J90: =SUM(J7:J89) -> 3224521.9 | K90: =SUM(K7:K89) -> 3446778.1 | L90: =SUM(L7:L89) -> 3308131.9 | ... P90: =SUM(P7:P89) -> 1998540.4 | Q90: =SUM(E90:P90) -> 39918037
Q91: =SUM(E91:P91) -> 0
C92: ISO Settlement Sales | E92: ='ACCT 447 Est'!N50 -> 222409.31 | F92: ='ACCT 447 Est'!O50 -> 199662.31 | G92: ='ACCT 447 Est'!P50 -> 132705.57 | H92: ='ACCT 447 Est'!Q50 -> 113340.95 | I92: ='ACCT 447 Est'!R50 -> 99788.578 | J92: ='ACCT 447 Est'!S50 -> 119510.48 | K92: ='ACCT 447 Est'!T50 -> 164286.99 | L92: ='ACCT 447 Est'!U50 -> 122515.05 | ... P92: ='ACCT 447 Est'!Y50 -> 196757.36 | Q92: =SUM(E92:P92) -> 1717135.2
C93: Bilateral Energy Sales | Q93: =SUM(E93:P93) -> 0
C94: Sales for Resales | E94: =+E93+E92 -> 222409.31 | F94: =+F93+F92 -> 199662.31 | G94: =+G93+G92 -> 132705.57 | H94: =+H93+H92 -> 113340.95 | I94: =+I93+I92 -> 99788.578 | J94: =+J93+J92 -> 119510.48 | K94: =+K93+K92 -> 164286.99 | L94: =+L93+L92 -> 122515.05 | ... P94: =+P93+P92 -> 196757.36 | Q94: =SUM(E94:P94) -> 1717135.2
C95: Net Purchased Power | E95: =+E90-E94 -> 4292214.2 | F95: =+F90-F94 -> 3771264.5 | G95: =+G90-G94 -> 3803662.4 | H95: =+H90-H94 -> 2994662.6 | I95: =+I90-I94 -> 2876408.8 | J95: =+J90-J94 -> 3105011.4 | K95: =+K90-K94 -> 3282491.1 | L95: =+L90-L94 -> 3185616.9 | ... P95: =+P90-P94 -> 1801783.1 | Q95: =SUM(E95:P95) -> 38200901
Q96: =SUM(E96:P96) -> 0
Q97: =SUM(E97:P97) -> 0
Q98: =SUM(E98:P98) -> 0
Q99: =SUM(E99:P99) -> 0
Q100: =SUM(E100:P100) -> 0
Q101: =SUM(E101:P101) -> 0
Q102: =SUM(E102:P102) -> 0
...

Sheet MWH
A2: Generation
B3: Energy
A6: Purchase Power | C6: =+'Detailed Assumps'!C2 -> 45307 | D6: =+'Detailed Assumps'!D2 -> 45338 | E6: =+'Detailed Assumps'!E2 -> 45366 | F6: =+'Detailed Assumps'!F2 -> 45397 | G6: =+'Detailed Assumps'!G2 -> 45427 | H6: =+'Detailed Assumps'!H2 -> 45458 | I6: =+'Detailed Assumps'!I2 -> 45488 | J6: =+'Detailed Assumps'!J2 -> 45519 | ... Z6: =+'Detailed Assumps'!Z2 -> 46007 | AA6: 2025
A7: =+'$'!C7 -> Delvin Warner | C7: =+'Detailed Assumps'!C389 -> 6.599 | D7: =+'Detailed Assumps'!D389 -> 5.57 | E7: =+'Detailed Assumps'!E389 -> 6.602 | F7: =+'Detailed Assumps'!F389 -> 8.814 | G7: =+'Detailed Assumps'!G389 -> 3.2 | H7: =+'Detailed Assumps'!H389 -> 5.164 | I7: =+'Detailed Assumps'!I389 -> 2.874 | J7: =+'Detailed Assumps'!J389 -> 1.964 | ... Z7: =+'Detailed Assumps'!Z389 -> 3.757 | AA7: =SUM(O7:Z7) -> 64.025
A8: =+'$'!C8 -> Arlon Warner | C8: =+'Detailed Assumps'!C394 -> 6.636 | D8: =+'Detailed Assumps'!D394 -> 7.011 | E8: =+'Detailed Assumps'!E394 -> 8.72 | F8: =+'Detailed Assumps'!F394 -> 13.277 | G8: =+'Detailed Assumps'!G394 -> 7.443 | H8: =+'Detailed Assumps'!H394 -> 3.942 | I8: =+'Detailed Assumps'!I394 -> 7.266 | J8: =+'Detailed Assumps'!J394 -> 0.211 | ... Z8: =+'Detailed Assumps'!Z394 -> 10.718 | AA8: =SUM(O8:Z8) -> 94.269
A9: =+'$'!C9 -> Total SPEED $ | B9: Energy | C9: =+'Detailed Assumps'!C371 -> 0 | D9: =+'Detailed Assumps'!D371 -> 0 | E9: =+'Detailed Assumps'!E371 -> 0 | F9: =+'Detailed Assumps'!F371 -> 0 | G9: =+'Detailed Assumps'!G371 -> 0 | H9: =+'Detailed Assumps'!H371 -> 0 | I9: =+'Detailed Assumps'!I371 -> 0 | J9: =+'Detailed Assumps'!J371 -> 0 | ... Z9: =+'Detailed Assumps'!Z371 -> 0 | AA9: =SUM(O9:Z9) -> 0
A10: =+'$'!C10 -> Encore - Alburgh | C10: =+'Detailed Assumps'!C402 -> 82.368815 | D10: =+'Detailed Assumps'!D402 -> 102.47427 | E10: =+'Detailed Assumps'!E402 -> 142.61874 | F10: =+'Detailed Assumps'!F402 -> 152.29776 | G10: =+'Detailed Assumps'!G402 -> 175.3939 | H10: =+'Detailed Assumps'!H402 -> 170.52825 | I10: =+'Detailed Assumps'!I402 -> 172.49898 | J10: =+'Detailed Assumps'!J402 -> 163.71495 | ... Z10: =+'Detailed Assumps'!Z402 -> 28.8 | AA10: =SUM(O10:Z10) -> 1288.8
A11: =+'$'!C11 -> Encore - Magee Hill | C11: =+'Detailed Assumps'!C408 -> 107.61759 | D11: =+'Detailed Assumps'!D408 -> 133.88596 | E11: =+'Detailed Assumps'!E408 -> 186.33599 | F11: =+'Detailed Assumps'!F408 -> 198.98198 | G11: =+'Detailed Assumps'!G408 -> 229.15782 | H11: =+'Detailed Assumps'!H408 -> 222.80073 | I11: =+'Detailed Assumps'!I408 -> 225.37548 | J11: =+'Detailed Assumps'!J408 -> 213.89892 | ... Z11: =+'Detailed Assumps'!Z408 -> 27.007 | AA11: =SUM(O11:Z11) -> 1525.367
A12: =+'$'!C12 -> Bullrock - Grand Isle | C12: =+'Detailed Assumps'!C414 -> 389.4101 | D12: =+'Detailed Assumps'!D414 -> 484.46119 | E12: =+'Detailed Assumps'!E414 -> 674.24963 | F12: =+'Detailed Assumps'!F414 -> 720.00863 | G12: =+'Detailed Assumps'!G414 -> 829.19875 | H12: =+'Detailed Assumps'!H414 -> 806.19586 | I12: =+'Detailed Assumps'!I414 -> 815.51249 | J12: =+'Detailed Assumps'!J414 -> 773.98501 | ... Z12: =+'Detailed Assumps'!Z414 -> 127.2 | AA12: =SUM(O12:Z12) -> 6420
A13: =+'$'!C13 -> Encore -Jericho - Gravel Pit | C13: =+'Detailed Assumps'!C421 -> 133.13048 | D13: =+'Detailed Assumps'!D421 -> 170.7571 | E13: =+'Detailed Assumps'!E421 -> 225.99297 | F13: =+'Detailed Assumps'!F421 -> 250.23892 | G13: =+'Detailed Assumps'!G421 -> 258.62013 | H13: =+'Detailed Assumps'!H421 -> 270.70539 | I13: =+'Detailed Assumps'!I421 -> 279.70806 | J13: =+'Detailed Assumps'!J421 -> 265.47145 | ... Z13: =+'Detailed Assumps'!Z421 -> 42.729 | AA13: =SUM(O13:Z13) -> 2189.014
A14: =+'$'!C14 -> Encore - Jericho - Landfill | C14: =+'Detailed Assumps'!C427 -> 152.16399 | D14: =+'Detailed Assumps'!D427 -> 184.21139 | E14: =+'Detailed Assumps'!E427 -> 262.62458 | F14: =+'Detailed Assumps'!F427 -> 268.6992 | G14: =+'Detailed Assumps'!G427 -> 307.28473 | H14: =+'Detailed Assumps'!H427 -> 299.24975 | I14: =+'Detailed Assumps'!I427 -> 307.67837 | J14: =+'Detailed Assumps'!J427 -> 286.28921 | ... Z14: =+'Detailed Assumps'!Z427 -> 4.64 | AA14: =SUM(O14:Z14) -> 1357.305
A15: =+'Detailed Assumps'!A376 -> Kingdom Community Wind | C15: =+'Detailed Assumps'!C380 -> 691.912 | D15: =+'Detailed Assumps'!D380 -> 1694.293 | E15: =+'Detailed Assumps'!E380 -> 2173.275 | F15: =+'Detailed Assumps'!F380 -> 2531.733 | G15: =+'Detailed Assumps'!G380 -> 2238.457 | H15: =+'Detailed Assumps'!H380 -> 1195.811 | I15: =+'Detailed Assumps'!I380 -> 1633.923 | J15: =+'Detailed Assumps'!J380 -> 1031.057 | ... Z15: =+'Detailed Assumps'!Z380 -> 1510.501 | AA15: =SUM(O15:Z15) -> 19840.7
A16: =+'$'!C16 -> Kingdom Community Wind - FCM | AA16: =SUM(O16:Z16) -> 0
A17: =+'$'!C17 -> First Wind - Index to Market | B17: Energy | C17: =+'Detailed Assumps'!C229 -> 778.49 | D17: =+'Detailed Assumps'!D229 -> 1634.17 | E17: =+'Detailed Assumps'!E229 -> 2934.03 | F17: =+'Detailed Assumps'!F229 -> 3083.91 | G17: =+'Detailed Assumps'!G229 -> 2571.83 | H17: =+'Detailed Assumps'!H229 -> 1007.513 | I17: =+'Detailed Assumps'!I229 -> 1530.3825 | J17: =+'Detailed Assumps'!J229 -> 1003.995 | ... Z17: =+'Detailed Assumps'!Z229 -> 2227.943 | AA17: =SUM(O17:Z17) -> 24038.379
A18: =+'$'!C18 -> First Wind - Fixed Price - Energy | B18: =+'$'!D18 -> Energy | C18: =+'Detailed Assumps'!C237 -> 259.5 | D18: =+'Detailed Assumps'!D237 -> 544.72 | E18: =+'Detailed Assumps'!E237 -> 978.01 | F18: =+'Detailed Assumps'!F237 -> 1027.97 | G18: =+'Detailed Assumps'!G237 -> 857.28 | H18: =+'Detailed Assumps'!H237 -> 335.838 | I18: =+'Detailed Assumps'!I237 -> 510.1275 | J18: =+'Detailed Assumps'!J237 -> 334.665 | ... Z18: =+'Detailed Assumps'!Z237 -> 742.648 | AA18: =SUM(O18:Z18) -> 8012.7868
A19: =+'$'!C19 -> First Wind - Fixed Price - FCM | AA19: =SUM(O19:Z19) -> 0
A20: =+'$'!C20 -> Howard Wind | C20: =+'Detailed Assumps'!C538 -> 2662 | D20: =+'Detailed Assumps'!D538 -> 5586 | E20: =+'Detailed Assumps'!E538 -> 5605 | F20: =+'Detailed Assumps'!F538 -> 4108 | G20: =+'Detailed Assumps'!G538 -> 2070 | H20: =+'Detailed Assumps'!H538 -> 1853 | I20: =+'Detailed Assumps'!I538 -> 2214 | J20: =+'Detailed Assumps'!J538 -> 2210.8 | ... Z20: =+'Detailed Assumps'!Z538 -> 3416 | AA20: =SUM(O20:Z20) -> 41832
A21: =+'$'!C21 -> HQUS | B21: Energy | C21: =+'Detailed Assumps'!C178+'Detailed Assumps'!C179 -> 10912 | D21: =+'Detailed Assumps'!D178+'Detailed Assumps'!D179 -> 10208 | E21: =+'Detailed Assumps'!E178+'Detailed Assumps'!E179 -> 10912 | F21: =+'Detailed Assumps'!F178+'Detailed Assumps'!F179 -> 10560 | G21: =+'Detailed Assumps'!G178+'Detailed Assumps'!G179 -> 10912 | H21: =+'Detailed Assumps'!H178+'Detailed Assumps'!H179 -> 10560 | I21: =+'Detailed Assumps'!I178+'Detailed Assumps'!I179 -> 10912 | J21: =+'Detailed Assumps'!J178+'Detailed Assumps'!J179 -> 10912 | ... Z21: =+'Detailed Assumps'!Z178+'Detailed Assumps'!Z179 -> 10912 | AA21: =SUM(O21:Z21) -> 128480
A22: =+'$'!C22 -> Hydro Quebec ASE | B22: Energy | C22: =+'Detailed Assumps'!C191 -> 2703 | D22: =+'Detailed Assumps'!D191 -> 2764 | E22: =+'Detailed Assumps'!E191 -> 1498 | F22: =+'Detailed Assumps'!F191 -> 5820 | G22: =+'Detailed Assumps'!G191 -> 4239 | H22: =+'Detailed Assumps'!H191 -> 2282 | I22: =+'Detailed Assumps'!I191 -> 10464 | J22: =+'Detailed Assumps'!J191 -> 8542 | ... Z22: =+'Detailed Assumps'!Z191 -> 1795 | AA22: =SUM(O22:Z22) -> 81848.5
A23: HQ VJO Replacement - 5/1/20 | B23: Energy | AA23: =SUM(O23:Z23) -> 0
A24: =+'$'!C24 -> VEPPI | B24: Energy | C24: =+'Detailed Assumps'!C339 -> 0 | D24: =+'Detailed Assumps'!D339 -> 0 | E24: =+'Detailed Assumps'!E339 -> 0 | F24: =+'Detailed Assumps'!F339 -> 0 | G24: =+'Detailed Assumps'!G339 -> 0 | H24: =+'Detailed Assumps'!H339 -> 0 | I24: =+'Detailed Assumps'!I339 -> 0 | J24: =+'Detailed Assumps'!J339 -> 0 | ... Z24: =+'Detailed Assumps'!Z339 -> 0 | AA24: =SUM(O24:Z24) -> 0
A25: =+'$'!C25 -> VEPPI FCM Settlement | AA25: =SUM(O25:Z25) -> 0
A26: =+'$'!C26 -> SPEED FIT | B26: Energy | C26: =+'Detailed Assumps'!C352 -> 822.79416 | D26: =+'Detailed Assumps'!D352 -> 896.6939 | E26: =+'Detailed Assumps'!E352 -> 1503.0575 | F26: =+'Detailed Assumps'!F352 -> 1958.6891 | G26: =+'Detailed Assumps'!G352 -> 1874.6041 | H26: =+'Detailed Assumps'!H352 -> 1846.6793 | I26: =+'Detailed Assumps'!I352 -> 1982.2212 | J26: =+'Detailed Assumps'!J352 -> 1994.7742 | ... Z26: =+'Detailed Assumps'!Z352 -> 1033 | AA26: =SUM(O26:Z26) -> 22798
A27: =+'$'!C27 -> SPEED FIT - FCM Settlement | AA27: =SUM(O27:Z27) -> 0
A28: =+'$'!C28 -> Ryegate | C28: =+'Detailed Assumps'!C362 -> 1279.4499 | D28: =+'Detailed Assumps'!D362 -> 1174.4549 | E28: =+'Detailed Assumps'!E362 -> 1324.6302 | F28: =+'Detailed Assumps'!F362 -> 1159.0357 | G28: =+'Detailed Assumps'!G362 -> 1210.9737 | H28: =+'Detailed Assumps'!H362 -> 1146.5785 | I28: =+'Detailed Assumps'!I362 -> 1303.2021 | J28: =+'Detailed Assumps'!J362 -> 1298.7328 | ... Z28: =+'Detailed Assumps'!Z362 -> 1070.9799 | AA28: =SUM(O28:Z28) -> 13355.11
A29: =+'$'!C29 -> Boltonville | C29: =+'Detailed Assumps'!C323 -> 0 | D29: =+'Detailed Assumps'!D323 -> 0 | E29: =+'Detailed Assumps'!E323 -> 0 | F29: =+'Detailed Assumps'!F323 -> 0 | G29: =+'Detailed Assumps'!G323 -> 0 | H29: =+'Detailed Assumps'!H323 -> 0 | I29: =+'Detailed Assumps'!I323 -> 0 | J29: =+'Detailed Assumps'!J323 -> 0 | ... Z29: =+'Detailed Assumps'!Z323 -> 0 | AA29: =SUM(O29:Z29) -> 0
A30: =+'$'!C30 -> Newport Hydro | C30: =+'Detailed Assumps'!C310 -> 2116.775 | D30: =+'Detailed Assumps'!D310 -> 949.295 | E30: =+'Detailed Assumps'!E310 -> 976.235 | F30: =+'Detailed Assumps'!F310 -> 2749.237 | G30: =+'Detailed Assumps'!G310 -> 1539.579 | H30: =+'Detailed Assumps'!H310 -> 758.069 | I30: =+'Detailed Assumps'!I310 -> 395.347 | J30: =+'Detailed Assumps'!J310 -> 155.542 | ... Z30: =+'Detailed Assumps'!Z310 -> 2616.897 | AA30: =SUM(O30:Z30) -> 23307.525
A31: =+'$'!C31 -> St Lawrence | C31: =+'Detailed Assumps'!C265 -> 96.057 | D31: =+'Detailed Assumps'!D265 -> 89.973 | E31: =+'Detailed Assumps'!E265 -> 100.035 | F31: =+'Detailed Assumps'!F265 -> 106.821 | G31: =+'Detailed Assumps'!G265 -> 117.234 | H31: =+'Detailed Assumps'!H265 -> 100.269 | I31: =+'Detailed Assumps'!I265 -> 94.419 | J31: =+'Detailed Assumps'!J265 -> 75.231 | ... Z31: =+'Detailed Assumps'!Z265 -> 105.066 | AA31: =SUM(O31:Z31) -> 1269.216
A32: =+'$'!C32 -> Niagara | C32: =+'Detailed Assumps'!C279 -> 3090.077 | D32: =+'Detailed Assumps'!D279 -> 2857.499 | E32: =+'Detailed Assumps'!E279 -> 3358.71 | F32: =+'Detailed Assumps'!F279 -> 2880.48 | G32: =+'Detailed Assumps'!G279 -> 3203.791 | H32: =+'Detailed Assumps'!H279 -> 3008.853 | I32: =+'Detailed Assumps'!I279 -> 3041.739 | J32: =+'Detailed Assumps'!J279 -> 2837.292 | ... Z32: =+'Detailed Assumps'!Z279 -> 3218.847 | AA32: =SUM(O32:Z32) -> 37813.129
A33: =+'$'!C33 -> PSEG | AA33: =SUM(O33:Z33) -> 0
A34: =+'$'!C34 -> EDF | C34: =+'Detailed Assumps'!C486 -> 0 | D34: =+'Detailed Assumps'!D486 -> 0 | E34: =+'Detailed Assumps'!E486 -> 0 | F34: =+'Detailed Assumps'!F486 -> 0 | G34: =+'Detailed Assumps'!G486 -> 0 | H34: =+'Detailed Assumps'!H486 -> 0 | I34: =+'Detailed Assumps'!I486 -> 0 | J34: =+'Detailed Assumps'!J486 -> 0 | ... Z34: =+'Detailed Assumps'!Z486 -> 0 | AA34: =SUM(O34:Z34) -> 0
A35: =+'$'!C35 -> NextEra - 2022-2025 - Energy | C35: =+'Detailed Assumps'!C612 -> 8308.8 | D35: =+'Detailed Assumps'!D612 -> 8596 | E35: =+'Detailed Assumps'!E612 -> 5671.8 | F35: =+'Detailed Assumps'!F612 -> 2966.4 | G35: =+'Detailed Assumps'!G612 -> 2480 | H35: =+'Detailed Assumps'!H612 -> 4160 | I35: =+'Detailed Assumps'!I612 -> 6664.8 | J35: =+'Detailed Assumps'!J612 -> 4610.4 | ... Z35: =+'Detailed Assumps'!Z612 -> 6858.4 | AA35: =SUM(O35:Z35) -> 61570.9
A36: Emera | C36: ='Detailed Assumps'!C642 -> 0 | D36: ='Detailed Assumps'!D642 -> 0 | E36: ='Detailed Assumps'!E642 -> 0 | F36: ='Detailed Assumps'!F642 -> 0 | G36: ='Detailed Assumps'!G642 -> 0 | H36: ='Detailed Assumps'!H642 -> 0 | I36: ='Detailed Assumps'!I642 -> 0 | J36: ='Detailed Assumps'!J642 -> 0 | ... Z36: ='Detailed Assumps'!Z642 -> 0 | AA36: =SUM(O36:Z36) -> 0
A37: =+'$'!C37 -> Merrill Lynch | C37: =+'Detailed Assumps'!C627 -> 0 | D37: =+'Detailed Assumps'!D627 -> 0 | E37: =+'Detailed Assumps'!E627 -> 0 | F37: =+'Detailed Assumps'!F627 -> 0 | G37: =+'Detailed Assumps'!G627 -> 0 | H37: =+'Detailed Assumps'!H627 -> 0 | I37: =+'Detailed Assumps'!I627 -> 0 | J37: =+'Detailed Assumps'!J627 -> 0 | ... Z37: =+'Detailed Assumps'!Z627 -> 0 | AA37: =SUM(O37:Z37) -> 0
A38: =+'$'!C38 -> NextEra Energy | C38: =+'Detailed Assumps'!C547 -> 0 | D38: =+'Detailed Assumps'!D547 -> 0 | E38: =+'Detailed Assumps'!E547 -> 0 | F38: =+'Detailed Assumps'!F547 -> 0 | G38: =+'Detailed Assumps'!G547 -> 0 | H38: =+'Detailed Assumps'!H547 -> 0 | I38: =+'Detailed Assumps'!I547 -> 0 | J38: =+'Detailed Assumps'!J547 -> 0 | ... Z38: =+'Detailed Assumps'!Z547 -> 0 | AA38: =SUM(O38:Z38) -> 0
A39: =+'$'!C39 -> NextEra - Capacity | B39: =+'$'!D39 -> Demand | AA39: =SUM(O39:Z39) -> 0
A40: =+'$'!C40 -> NextEra - Seabrook - Energy | C40: =+'Detailed Assumps'!C555 -> 7254 | D40: =+'Detailed Assumps'!D555 -> 6786 | E40: =+'Detailed Assumps'!E555 -> 7244.25 | F40: =+'Detailed Assumps'!F555 -> 7020 | G40: =+'Detailed Assumps'!G555 -> 7254 | H40: =+'Detailed Assumps'!H555 -> 7020 | I40: =+'Detailed Assumps'!I555 -> 7254 | J40: =+'Detailed Assumps'!J555 -> 7254 | ... Z40: =+'Detailed Assumps'!Z555 -> 7254 | AA40: =SUM(O40:Z40) -> 85410
A41: =+'$'!C41 -> NextEra - Seabrook - Capacity | AA41: =SUM(O41:Z41) -> 0
A42: =+'$'!C42 -> JP Morgan | C42: =+'Detailed Assumps'!C635 -> 0 | D42: =+'Detailed Assumps'!D635 -> 0 | E42: =+'Detailed Assumps'!E635 -> 0 | F42: =+'Detailed Assumps'!F635 -> 0 | G42: =+'Detailed Assumps'!G635 -> 0 | H42: =+'Detailed Assumps'!H635 -> 0 | I42: =+'Detailed Assumps'!I635 -> 0 | J42: =+'Detailed Assumps'!J635 -> 0 | ... Z42: =+'Detailed Assumps'!Z635 -> 0 | AA42: =SUM(O42:Z42) -> 0
A43: =+'$'!C43 -> BP Energy | C43: =+'Detailed Assumps'!C597 -> 0 | D43: =+'Detailed Assumps'!D597 -> 0 | E43: =+'Detailed Assumps'!E597 -> 0 | F43: =+'Detailed Assumps'!F597 -> 0 | G43: =+'Detailed Assumps'!G597 -> 0 | H43: =+'Detailed Assumps'!H597 -> 0 | I43: =+'Detailed Assumps'!I597 -> 0 | J43: =+'Detailed Assumps'!J597 -> 0 | ... Z43: =+'Detailed Assumps'!Z597 -> 0 | AA43: =SUM(O43:Z43) -> 0
A44: =+'$'!C44 -> Excelon - Energy | C44: =+'Detailed Assumps'!C532 -> 0 | D44: =+'Detailed Assumps'!D532 -> 0 | E44: =+'Detailed Assumps'!E532 -> 0 | F44: =+'Detailed Assumps'!F532 -> 0 | G44: =+'Detailed Assumps'!G532 -> 0 | H44: =+'Detailed Assumps'!H532 -> 0 | I44: =+'Detailed Assumps'!I532 -> 0 | J44: =+'Detailed Assumps'!J532 -> 0 | ... Z44: =+'Detailed Assumps'!Z532 -> 0 | AA44: =SUM(O44:Z44) -> 0
A45: =+'$'!C45 -> Excelon - Capacity | B45: =+'$'!D45 -> Demand | AA45: =SUM(O45:Z45) -> 0
A46: =+'$'!C46 -> Brookfield - Capacity | AA46: =SUM(O46:Z46) -> 0
A47: =+'$'!C47 -> HQ ICC Settlement | AA47: =SUM(O47:Z47) -> 0
A48: =+'$'!C48 -> Net Metering | B48: =+'$'!D48 -> Energy | C48: =+'Detailed Assumps'!C300 -> 430.531 | D48: =+'Detailed Assumps'!D300 -> 395.313 | E48: =+'Detailed Assumps'!E300 -> 626.718 | F48: =+'Detailed Assumps'!F300 -> 1376.009 | G48: =+'Detailed Assumps'!G300 -> 2250.159 | H48: =+'Detailed Assumps'!H300 -> 2966.833 | I48: =+'Detailed Assumps'!I300 -> 2493.766 | J48: =+'Detailed Assumps'!J300 -> 2211.486 | ... Z48: =+'Detailed Assumps'!Z300 -> 393.699 | AA48: =SUM(O48:Z48) -> 17648.515
A49: =+'$'!C49 -> Settlement - Energy | B49: Energy | C49: =+'Detailed Assumps'!C706+C70 -> 6929.494 | D49: =+'Detailed Assumps'!D706+D70 -> 2727.9316 | E49: =+'Detailed Assumps'!E706+E70 -> 849.10542 | F49: =+'Detailed Assumps'!F706+F70 -> -9125.6254 | G49: =+'Detailed Assumps'!G706+G70 -> -6453.1902 | H49: =+'Detailed Assumps'!H706+H70 -> 1627.9702 | I49: =+'Detailed Assumps'!I706+I70 -> -6939.7027 | J49: =+'Detailed Assumps'!J706+J70 -> 379.53346 | ... Z49: =+'Detailed Assumps'!Z706+Z70 -> 5590.6081 | AA49: =SUM(O49:Z49) -> -48152.487
B50: Regulation | AA50: =SUM(O50:Z50) -> 0
B51: DA NCPC | AA51: =SUM(O51:Z51) -> 0
B52: RT NCPC | AA52: =SUM(O52:Z52) -> 0
B53: Locational Forward Reserves | AA53: =SUM(O53:Z53) -> 0
B54: Losses | AA54: =SUM(O54:Z54) -> 0
B55: Congestion | AA55: =SUM(O55:Z55) -> 0
B56: ARR | AA56: =SUM(O56:Z56) -> 0
B57: FTR | AA57: =SUM(O57:Z57) -> 0
B58: ICAP | AA58: =SUM(O58:Z58) -> 0
B59: Miscellaneous | AA59: =SUM(O59:Z59) -> 0
A60: =+'$'!C62 -> Renewable Energy Certificates | AA60: =SUM(O60:Z60) -> 0
A61: =+'$'!C79 -> VPPSA Peaker | C61: =+'Detailed Assumps'!C647 -> 1.194 | D61: =+'Detailed Assumps'!D647 -> 0 | E61: =+'Detailed Assumps'!E647 -> 0 | F61: =+'Detailed Assumps'!F647 -> 1.023 | G61: =+'Detailed Assumps'!G647 -> 4.984 | H61: =+'Detailed Assumps'!H647 -> 0 | I61: =+'Detailed Assumps'!I647 -> 36.862 | J61: =+'Detailed Assumps'!J647 -> 12.957 | ... Z61: =+'Detailed Assumps'!Z647 -> 19.56 | AA61: =SUM(O61:Z61) -> 77.221
A62: =+'$'!C80 -> VPPSA FCM Settlement | AA62: =SUM(O62:Z62) -> 0
A63: =+'$'!C81 -> VELCO FCM Settlement | AA63: =SUM(O63:Z63) -> 0
A64: =+'$'!C82 -> VELCO - VJO & NYPA Fees | AA64: =SUM(O64:Z64) -> 0
A65: =+'$'!C84 -> Viridity Battery | B65: =+'$'!D84 -> Service | AA65: =SUM(O65:Z65) -> 0
A66: =+'$'!C88 -> ISO Winter Reliability Program | AA66: =SUM(O66:Z66) -> 0
AA67: =SUM(O67:Z67) -> 0
A68: Total Purchase Power at PTF | C68: =+SUM(C7:C67) -> 49214 | D68: =+SUM(D7:D67) -> 47992.714 | E68: =+SUM(E7:E67) -> 47262 | F68: =+SUM(F7:F67) -> 39836 | G68: =+SUM(G7:G67) -> 38181 | H68: =+SUM(H7:H67) -> 41648 | I68: =+SUM(I7:I67) -> 45402 | J68: =+SUM(J7:J67) -> 46570 | ... Z68: =+SUM(Z7:Z67) -> 49010 | AA68: =SUM(O68:Z68) -> 532088.28
C69: =+C3 -> 0 | D69: =+D3 -> 0 | E69: =+E3 -> 0 | F69: =+F3 -> 0 | G69: =+G3 -> 0 | H69: =+H3 -> 0 | I69: =+I3 -> 0 | J69: =+J3 -> 0 | ... Z69: =+Z3 -> 0 | AA69: =SUM(O69:Z69) -> 0
A70: ISO Settlement Sales | B70: Energy Sold | C70: =+'ACCT 447 Est'!B48 -> 2500 | D70: =+'ACCT 447 Est'!C48 -> 2500 | E70: =+'ACCT 447 Est'!D48 -> 2500 | F70: =+'ACCT 447 Est'!E48 -> 2500 | G70: =+'ACCT 447 Est'!F48 -> 2500 | H70: =+'ACCT 447 Est'!G48 -> 2500 | I70: =+'ACCT 447 Est'!H48 -> 2500 | J70: =+'ACCT 447 Est'!I48 -> 2500 | ... Z70: =+'ACCT 447 Est'!Y48 -> 2500 | AA70: =SUM(O70:Z70) -> 30000
A71: Bilateral Energy Sales | AA71: =SUM(O71:Z71) -> 0
A72: 447.00 Sales for Resale | C72: =+C71+C70 -> 2500 | D72: =+D71+D70 -> 2500 | E72: =+E71+E70 -> 2500 | F72: =+F71+F70 -> 2500 | G72: =+G71+G70 -> 2500 | H72: =+H71+H70 -> 2500 | I72: =+I71+I70 -> 2500 | J72: =+J71+J70 -> 2500 | ... Z72: =+Z71+Z70 -> 2500 | AA72: =SUM(O72:Z72) -> 30000
A73: Net Purchased Power MWH | C73: =+C69+C68-C72 -> 46714 | D73: =+D69+D68-D72 -> 45492.714 | E73: =+E69+E68-E72 -> 44762 | F73: =+F69+F68-F72 -> 37336 | G73: =+G69+G68-G72 -> 35681 | H73: =+H69+H68-H72 -> 39148 | I73: =+I69+I68-I72 -> 42902 | J73: =+J69+J68-J72 -> 44070 | ... Z73: =+Z69+Z68-Z72 -> 46510 | AA73: =SUM(O73:Z73) -> 502088.28
C74: =+C73-#REF! -> #REF! | D74: =+D73-#REF! -> #REF! | E74: =+E73-#REF! -> #REF! | F74: =+F73-#REF! -> #REF! | G74: =+G73-#REF! -> #REF! | H74: =+H73-#REF! -> #REF! | I74: =+I73-#REF! -> #REF! | J74: =+J73-#REF! -> #REF! | ... N74: =+N73-#REF! -> #REF!
C76: =+C49-'ACCT 447 Est'!B10 -> 2486.2954 | D76: =+D49-'ACCT 447 Est'!C10 -> 967.93084 | E76: =+E49-'ACCT 447 Est'!D10 -> -2126.8204 | F76: =+F49-'ACCT 447 Est'!E10 -> -9125.6254 | G76: =+G49-'ACCT 447 Est'!F10 -> -6453.1902 | H76: =+H49-'ACCT 447 Est'!G10 -> -10515.61 | I76: =+I49-'ACCT 447 Est'!H10 -> -6939.7027 | J76: =+J49-'ACCT 447 Est'!I10 -> -2339.6571 | ... N76: =+N49-'ACCT 447 Est'!M10 -> -6273.4454

Sheet Detailed Assumps
A1: GENERAL ASSUMPTIONS
A2: Months of Study | C2: 45307 | D2: 45338 | E2: 45366 | F2: 45397 | G2: 45427 | H2: 45458 | I2: 45488 | J2: 45519 | K2: 45550 | L2: 45580 | M2: 45611 | N2: 45641 | O2: =+C2+366 -> 45673 | P2: =+D2+366 -> 45704 | Q2: =+E2+366 -> 45732 | R2: =+F2+366 -> 45763 | S2: =+G2+366 -> 45793 | T2: =+H2+366 -> 45824 | U2: =+I2+366 -> 45854 | V2: =+J2+366 -> 45885 | ... Z2: =+N2+366 -> 46007
A3: NYMEX $/mmbtu as of | B3: 45601 | C3: 2.619 | D3: 2.49 | E3: 1.615 | F3: 1.659 | G3: 1.812 | H3: 2.032 | I3: 2.337 | J3: 2.433 | K3: 2.433 | L3: 2.526 | M3: 2.914 | N3: 3.406 | O3: 3.439 | P3: 3.296 | Q3: 2.964 | R3: 2.832 | S3: 2.876 | T3: 3.022 | U3: 3.183 | V3: 3.218 | W3: 3.186 | X3: 3.25 | Y3: 3.527 | Z3: 3.935
A4: NYMEX Annual Increase Multiplier | C4: 0.55616904 | D4: 0.80090061 | E4: 0.65891473 | F4: 0.65237908 | G4: 0.6753634 | H4: 0.9508657 | I4: 1.0068936 | J4: 1.0120632 | K4: 1.01375 | L4: 0.92595308 | M4: 0.97100966 | N4: 1.0017647 | O4: =+O3/C3 -> 1.3130966 | P4: =+P3/D3 -> 1.3236948 | Q4: =+Q3/E3 -> 1.8352941 | R4: =+R3/F3 -> 1.7070524 | S4: =+S3/G3 -> 1.5871965 | T4: =+T3/H3 -> 1.4872047 | U4: =+U3/I3 -> 1.3620026 | V4: =+V3/J3 -> 1.3226469 | ... Z4: =+Z3/N3 -> 1.1553142
A5: Power Conversion Multiplier - ATC | C5: 10.434777 | D5: 22.306059 | E5: 14.289808 | F5: 14.457594 | G5: 11.821767 | H5: 15.368957 | I5: 14.444581 | J5: 11.459513 | K5: 7.1880962 | L5: 7.7132729 | M5: 11.913694 | N5: 17.208566 | O5: 26.909044 | P5: 14.692771 | Q5: 14.995004 | R5: 16.205961 | S5: 16.871786 | T5: 14.094776 | U5: 16.283276 | V5: 10.81164 | W5: 11.846864 | X5: 9.5247557 | Y5: 12.528875 | Z5: 14.094898
A6: Power Conversion Multiplier - Peak | C6: 11.241082 | D6: 23.288652 | E6: 15.297344 | F6: 15.477252 | G6: 12.554989 | H6: 16.622536 | I6: 16.163987 | J6: 12.681876 | K6: 7.5860441 | L6: 8.1665496 | M6: 12.572061 | N6: 18.316508 | O6: 29.567648 | P6: 15.56654 | Q6: 16.292091 | R6: 17.85671 | S6: 18.716205 | T6: 18.118732 | U6: 21.075769 | V6: 11.707464 | W6: 14.581389 | X6: 10.942423 | Y6: 13.811969 | Z6: 16.843115
A7: Power Conversion Multiplier - Off Peak | C7: 8.8221679 | D7: 20.340874 | E7: 12.266579 | F7: 12.418278 | G7: 10.355323 | H7: 12.861799 | I7: 11.00577 | J7: 9.0147866 | K7: 6.3922004 | L7: 6.8067193 | M7: 10.59696 | N7: 14.992683 | O7: 24.521725 | P7: 13.877253 | Q7: 13.92419 | R7: 14.626984 | S7: 15.215572 | T7: 10.875612 | U7: 12.666301 | V7: 9.9348767 | W7: 9.659243 | X7: 8.2517481 | Y7: 11.409083 | Z7: 12.020771
A8: Power Conversion Multiplier - WE Peak | C8: 9.9697093 | D8: 29.628925 | E8: 15.225068 | F8: 14.607515 | G8: 10.696888 | H8: 14.500587 | I8: 14.017112 | J8: 10.635765 | K8: 7.2122497 | L8: 7.3013068 | M8: 11.523573 | N8: 17.802547 | O8: 25.95451 | P8: 14.427491 | Q8: 14.579837 | R8: 15.605208 | S8: 16.837567 | T8: 11.658569 | U8: 13.964816 | V8: 10.693783 | W8: 10.905541 | X8: 9.6627523 | Y8: 12.339712 | Z8: 11.857026
A9: Power Conversion Multiplier - Early AM | C9: 8.8221679 | D9: 20.340874 | E9: 12.266579 | F9: 12.418278 | G9: 10.355323 | H9: 12.861799 | I9: 11.00577 | J9: 9.0147866 | K9: 6.3922004 | L9: 6.8067193 | M9: 10.59696 | N9: 14.992683 | O9: 23.637878 | P9: 13.662591 | Q9: 13.540735 | R9: 14.093575 | S9: 14.11917 | T9: 10.146658 | U9: 11.413435 | V9: 9.4128492 | W9: 8.7106714 | X9: 7.3835922 | Y9: 10.821383 | Z9: 12.08562
A10: ATC Market Price at Hub | C10: 123.59937 | D10: 111.63253 | E10: 24.231502 | F10: 26.108624 | G10: 27.023895 | H10: 39.849638 | I10: 57.46024 | J10: 48.207774 | K10: 39.417751 | L10: 38.015961 | M10: 51.551209 | N10: 76.617146 | O10: =O11*O5/O6 -> 89.188232 | P10: =P11*P5/P6 -> 80.134459 | Q10: =Q11*Q5/Q6 -> 48.550335 | R10: =R11*R5/R6 -> 39.569434 | S10: =S11*S5/S6 -> 35.472189 | T10: =T11*T5/T6 -> 38.11768 | U10: =U11*U5/U6 -> 53.773413 | V10: =V11*V5/V6 -> 52.638513 | ... Z10: =Z11*Z5/Z6 -> 70.838031
A11: Peak Market Price at Hub | B11: =+B3 -> 45601 | C11: 133.15 | D11: 116.55 | E11: 25.94 | F11: 27.95 | G11: 28.7 | H11: 43.1 | I11: 64.3 | J11: 53.35 | K11: 41.6 | L11: 40.25 | M11: 54.4 | N11: 81.55 | O11: 98 | P11: 84.9 | Q11: 52.75 | R11: 43.6 | S11: 39.35 | T11: 49 | U11: 69.6 | V11: 57 | W11: 45.75 | X11: 41.75 | Y11: 56.8 | Z11: 84.65
A12: Off-Peak Market Price at Hub | B12: =+B3 -> 45601 | C12: 122.15 | D12: 107.3 | E12: 22.74 | F12: 24.5 | G12: 23.9 | H12: 32.15 | I12: 40.35 | J12: 35.05 | K12: 31 | L12: 31.9 | M12: 47.15 | N12: 72.8 | O12: 88.6 | P12: 74.65 | Q12: 46.45 | R12: 36.1 | S12: 32.05 | T12: 35.9 | U12: 44.9 | V12: 36.75 | W12: 33.15 | X12: 32.5 | Y12: 48.7 | Z12: 77.05
A13: WE Peak Market Price at Hub | C13: 128.25 | D13: 112.55 | E13: 24.49 | F13: 24.05 | G13: 22.75 | H13: 37.7 | I13: 56.1 | J13: 45.55 | K13: 34.6 | L13: 33.35 | M13: 44.2 | N13: 70.9 | O13: 80.4 | P13: 68.45 | Q13: 44.2 | R13: 33.45 | S13: 30.9 | T13: 39.8 | U13: 57.05 | V13: 45.15 | W13: 35.7 | X13: 32.55 | Y13: 46.6 | Z13: 72.7
A14: Early AM Market Price at Hub | C14: 104.4981 | D14: 101.7976 | E14: 20.800673 | F14: 22.425872 | G14: 23.671686 | H14: 33.348915 | I14: 43.78072 | J14: 37.923321 | K14: 35.053254 | L14: 33.547883 | M14: 45.853628 | N14: 66.751439 | O14: =+O$11*O9/O$6 -> 78.346173 | P14: =+P$11*P9/P$6 -> 74.515853 | Q14: =+Q$11*Q9/Q$6 -> 43.841751 | R14: =+R$11*R9/R$6 -> 34.411707 | S14: =+S$11*S9/S$6 -> 29.684937 | T14: =+T$11*T9/T$6 -> 27.440455 | U14: =+U$11*U9/U$6 -> 37.691392 | V14: =+V$11*V9/V$6 -> 45.828235 | ... Z14: =+Z$11*Z9/Z$6 -> 60.739816
A15: Super Peak Index - Applied to Peak Avg | C15: 1.1588681 | D15: 1.0330875 | E15: 1.1713522 | F15: 1.2696426 | G15: 1.2394527 | H15: 1.2136324 | I15: 1.3206068 | J15: 1.293172 | K15: 1.1652007 | L15: 1.1955782 | M15: 1.1898061 | N15: 1.1777288 | O15: 1.07669 | P15: 1.1349301 | Q15: 1.1139954 | R15: 1.1516918 | S15: 1.2026182 | T15: 1.3892606 | U15: 1.3911309 | V15: 1.1723259 | W15: 1.3093845 | X15: 1.2493153 | Y15: 1.1805355 | Z15: 1.1547723
A16: Sub-Peak Index - Applied to Peak Avg | C16: 0.99508673 | D16: 0.8265618 | E16: 0.92450302 | F16: 0.91830394 | G16: 0.96603379 | H16: 0.97041429 | I16: 0.94626506 | J16: 0.94836724 | K16: 0.95097102 | L16: 0.98448582 | M16: 0.95783599 | N16: 0.93591104 | O16: 1.0187397 | P16: 1.082979 | Q16: 1.0676288 | R16: 1.1225646 | S16: 1.153287 | T16: 1.2363168 | U16: 1.2307934 | V16: 1.1100587 | W16: 1.1594781 | X16: 1.135215 | Y16: 1.0924233 | Z16: 1.095242
A17: Early AM Index - Applied to Off-Peak Avg | C17: 1 | D17: 1 | E17: 1 | F17: 1 | G17: 1 | H17: 1 | I17: 1 | J17: 1 | K17: 1 | L17: 1 | M17: 1 | N17: 1 | O17: 0.96395659 | P17: 0.98453136 | Q17: 0.9724612 | R17: 0.96353254 | S17: 0.92794212 | T17: 0.93297357 | U17: 0.90108668 | V17: 0.94745506 | W17: 0.90179649 | X17: 0.89479128 | Y17: 0.94848847 | Z17: 1.0053947
A18: WE Super Peak Index - Applied to Off-Peak Avg | C18: 1.4328083 | D18: 1.5488116 | E18: 1.4514782 | F18: 1.3861876 | G18: 1.3323013 | H18: 1.3368764 | I18: 1.6316522 | J18: 1.4325108 | K18: 1.3802379 | L18: 1.2975419 | M18: 1.3657968 | N18: 1.4774589 | O18: 1.2236991 | P18: 1.28983 | Q18: 1.2367456 | R18: 1.3166685 | S18: 1.3252744 | T18: 1.2947637 | U18: 1.3477533 | V18: 1.3763489 | W18: 1.4601468 | X18: 1.4909986 | Y18: 1.4025946 | Z18: 1.1365241
A19: WE Sub-Peak Index - Applied to Off-Peak Avg | C19: 0.99246859 | D19: 1.4147148 | E19: 1.1455941 | F19: 1.0808842 | G19: 0.89693148 | H19: 1.0322055 | I19: 1.1108707 | J19: 1.0649508 | K19: 1.0137668 | L19: 0.97044336 | M19: 0.96091627 | N19: 1.0555779 | O19: 1.0041052 | P19: 1.0256554 | Q19: 1.0174272 | R19: 1.0244915 | S19: 1.0087872 | T19: 1.0175302 | U19: 1.0073994 | V19: 1.0222878 | W19: 1.0114694 | X19: 0.99567678 | Y19: 1.0262929 | Z19: 1.0214529
A20: Hub Super Peak $/MWH | C20: 154.30329 | D20: 120.40635 | E20: 30.384877 | F20: 35.48651 | G20: 35.572294 | H20: 52.307558 | I20: 84.915018 | J20: 68.990728 | K20: 48.47235 | L20: 48.122024 | M20: 64.72545 | N20: 96.043784 | O20: =+O15*O11 -> 105.51562 | P20: =+P15*P11 -> 96.355564 | Q20: =+Q15*Q11 -> 58.763259 | R20: =+R15*R11 -> 50.213761 | S20: =+S15*S11 -> 47.323027 | T20: =+T15*T11 -> 68.073768 | U20: =+U15*U11 -> 96.822711 | V20: =+V15*V11 -> 66.822577 | ... Z20: =+Z15*Z11 -> 97.751478
A21: Hub Sub-Peak $/MWH | C21: 132.4958 | D21: 96.335778 | E21: 23.981608 | F21: 25.666595 | G21: 27.72517 | H21: 41.824856 | I21: 60.844843 | J21: 50.595392 | K21: 39.560395 | L21: 39.625554 | M21: 52.106278 | N21: 76.323546 | O21: =+O16*O11 -> 99.836493 | P21: =+P16*P11 -> 91.944916 | Q21: =+Q16*Q11 -> 56.317419 | R21: =+R16*R11 -> 48.943816 | S21: =+S16*S11 -> 45.381844 | T21: =+T16*T11 -> 60.579522 | U21: =+U16*U11 -> 85.66322 | V21: =+V16*V11 -> 63.273346 | ... Z21: =+Z16*Z11 -> 92.712234
A22: Hub Early AM $/MWH | C22: 122.15 | D22: 107.3 | E22: 22.74 | F22: 24.5 | G22: 23.9 | H22: 32.15 | I22: 40.35 | J22: 35.05 | K22: 31 | L22: 31.9 | M22: 47.15 | N22: 72.8 | O22: =+O17*O12 -> 85.406554 | P22: =+P17*P12 -> 73.495266 | Q22: =+Q17*Q12 -> 45.170823 | R22: =+R17*R12 -> 34.783525 | S22: =+S17*S12 -> 29.740545 | T22: =+T17*T12 -> 33.493751 | U22: =+U17*U12 -> 40.458792 | V22: =+V17*V12 -> 34.818974 | ... Z22: =+Z17*Z12 -> 77.46566
A23: Hub WE Super Peak $/MWH | C23: 175.01754 | D23: 166.18748 | E23: 33.006614 | F23: 33.961597 | G23: 31.842002 | H23: 42.980577 | I23: 65.837167 | J23: 50.209503 | K23: 42.787376 | L23: 41.391586 | M23: 64.397318 | N23: 107.55901 | O23: =+O18*O12 -> 108.41974 | P23: =+P18*P12 -> 96.285806 | Q23: =+Q18*Q12 -> 57.446833 | R23: =+R18*R12 -> 47.531732 | S23: =+S18*S12 -> 42.475043 | T23: =+T18*T12 -> 46.482019 | U23: =+U18*U12 -> 60.514124 | V23: =+V18*V12 -> 50.580821 | ... Z23: =+Z18*Z12 -> 87.56918
A24: Hub WE Sub-Peak $/MWH | C24: 121.23004 | D24: 151.7989 | E24: 26.05081 | F24: 26.481663 | G24: 21.436662 | H24: 33.185408 | I24: 44.823631 | J24: 37.326525 | K24: 31.426772 | L24: 30.957143 | M24: 45.307202 | N24: 76.846069 | O24: =+O19*O12 -> 88.963722 | P24: =+P19*P12 -> 76.565178 | Q24: =+Q19*Q12 -> 47.259495 | R24: =+R19*R12 -> 36.984143 | S24: =+S19*S12 -> 32.331631 | T24: =+T19*T12 -> 36.529333 | U24: =+U19*U12 -> 45.232233 | V24: =+V19*V12 -> 37.569075 | ... Z24: =+Z19*Z12 -> 78.702943
A25: VT $/MWH - ATC | C25: 121.10808 | D25: 109.78721 | E25: 23.929362 | F25: 25.492903 | G25: 26.955019 | H25: 39.326907 | I25: 56.988129 | J25: 48.110274 | K25: 38.954016 | L25: 37.510053 | M25: 50.84293 | N25: 74.954532 | O25: =+O10*(1+AVERAGE(O$772:O$773)+AVERAGE(O$830:O$831)) -> 88.040126 | P25: =+P10*(1+AVERAGE(P$772:P$773)+AVERAGE(P$830:P$831)) -> 79.826621 | Q25: =+Q10*(1+AVERAGE(Q$772:Q$773)+AVERAGE(Q$830:Q$831)) -> 48.203773 | R25: =+R10*(1+AVERAGE(R$772:R$773)+AVERAGE(R$830:R$831)) -> 39.347586 | S25: =+S10*(1+AVERAGE(S$772:S$773)+AVERAGE(S$830:S$831)) -> 35.462512 | T25: =+T10*(1+AVERAGE(T$772:T$773)+AVERAGE(T$830:T$831)) -> 38.013753 | U25: =+U10*(1+AVERAGE(U$772:U$773)+AVERAGE(U$830:U$831)) -> 53.354454 | V25: =+V10*(1+AVERAGE(V$772:V$773)+AVERAGE(V$830:V$831)) -> 52.570681 | ... Z25: =+Z10*(1+AVERAGE(Z$772:Z$773)+AVERAGE(Z$830:Z$831)) -> 70.09695
A26: VT Peak $/MWH | C26: 130.71652 | D26: 114.8133 | E26: 25.666823 | F26: 27.270681 | G26: 28.560952 | H26: 42.318245 | I26: 63.791415 | J26: 53.380263 | K26: 41.179183 | L26: 39.68134 | M26: 53.814894 | N26: 79.756419 | O26: =+O11*(1+O$772+O$830) -> 96.925397 | P26: =+P11*(1+P$772+P$830) -> 84.407755 | Q26: =+Q11*(1+Q$772+Q$830) -> 52.361747 | R26: =+R11*(1+R$772+R$830) -> 43.323199 | S26: =+S11*(1+S$772+S$830) -> 39.338885 | T26: =+T11*(1+T$772+T$830) -> 48.736735 | U26: =+U11*(1+U$772+U$830) -> 68.59156 | V26: =+V11*(1+V$772+V$830) -> 56.625925 | ... Z26: =+Z11*(1+Z$772+Z$830) -> 83.551443
A27: VT Off Peak $/MWH | C27: 119.45829 | D27: 105.35147 | E27: 22.412391 | F27: 23.939898 | G27: 23.893963 | H27: 31.889681 | I27: 40.006095 | J27: 34.888341 | K27: 30.584183 | L27: 31.501653 | M27: 46.361508 | N27: 71.241574 | O27: =+O12*(1+O$773+O$831) -> 87.290462 | P27: =+P12*(1+P$773+P$831) -> 74.509276 | Q27: =+Q12*(1+Q$773+Q$831) -> 46.128743 | R27: =+R12*(1+R$773+R$831) -> 35.924393 | S27: =+S12*(1+S$773+S$831) -> 32.041566 | T27: =+T12*(1+T$773+T$831) -> 35.89712 | U27: =+U12*(1+U$773+U$831) -> 44.850911 | V27: =+V12*(1+V$773+V$831) -> 36.896465 | ... Z27: =+Z12*(1+Z$773+Z$831) -> 76.437792
A28: VT Super Peak $/MWH | C28: 151.4832 | D28: 118.61218 | E28: 30.06489 | F28: 34.624017 | G28: 35.399951 | H28: 51.358796 | I28: 84.243378 | J28: 69.029863 | K28: 47.982013 | L28: 47.442146 | M28: 64.029287 | N28: 93.931432 | O28: =+O20*(1+O$772+O$830) -> 104.3586 | P28: =+P20*(1+P$772+P$830) -> 95.7969 | Q28: =+Q20*(1+Q$772+Q$830) -> 58.330747 | R28: =+R20*(1+R$772+R$830) -> 49.894972 | S28: =+S20*(1+S$772+S$830) -> 47.30966 | T28: =+T20*(1+T$772+T$830) -> 67.708024 | U28: =+U20*(1+U$772+U$830) -> 95.419838 | V28: =+V20*(1+V$772+V$830) -> 66.384039 | ... Z28: =+Z20*(1+Z$772+Z$830) -> 96.482894
A29: VT Sub-Peak $/MWH | C29: 130.07427 | D29: 94.900288 | E29: 23.729056 | F29: 25.042774 | G29: 27.590845 | H29: 41.06623 | I29: 60.363588 | J29: 50.624093 | K29: 39.16021 | L29: 39.065716 | M29: 51.545842 | N29: 74.644913 | O29: =+O21*(1+O$772+O$830) -> 98.741752 | P29: =+P21*(1+P$772+P$830) -> 91.411825 | Q29: =+Q21*(1+Q$772+Q$830) -> 55.902909 | R29: =+R21*(1+R$772+R$830) -> 48.633089 | S29: =+S21*(1+S$772+S$830) -> 45.369025 | T29: =+T21*(1+T$772+T$830) -> 60.254043 | U29: =+U21*(1+U$772+U$830) -> 84.422039 | V29: =+V21*(1+V$772+V$830) -> 62.858101 | ... Z29: =+Z21*(1+Z$772+Z$830) -> 91.509047
A30: VT Early AM $/MWH | C30: 102.19537 | D30: 99.948986 | E30: 20.501004 | F30: 21.913187 | G30: 23.665706 | H30: 33.078888 | I30: 43.407574 | J30: 37.74841 | K30: 34.583069 | L30: 33.128959 | M30: 45.086815 | N30: 65.322494 | O30: =+O14*(1+O$773+O$831) -> 77.188191 | P30: =+P14*(1+P$773+P$831) -> 74.375382 | Q30: =+Q14*(1+Q$773+Q$831) -> 43.538533 | R30: =+R14*(1+R$773+R$831) -> 34.244313 | S30: =+S14*(1+S$773+S$831) -> 29.677125 | T30: =+T14*(1+T$773+T$831) -> 27.438253 | U30: =+U14*(1+U$773+U$831) -> 37.650184 | V30: =+V14*(1+V$773+V$831) -> 46.01088 | ... Z30: =+Z14*(1+Z$773+Z$831) -> 60.257202
A31: VT WE Super Peak $/MWH | C31: 171.16084 | D31: 163.16957 | E31: 32.531097 | F31: 33.18519 | G31: 31.833958 | H31: 42.632562 | I31: 65.276033 | J31: 49.977926 | K31: 42.213449 | L31: 40.874715 | M31: 63.320398 | N31: 105.2565 | O31: =+O23*(1+O$773+O$831) -> 106.81726 | P31: =+P23*(1+P$773+P$831) -> 96.104296 | Q31: =+Q23*(1+Q$773+Q$831) -> 57.049519 | R31: =+R23*(1+R$773+R$831) -> 47.300515 | S31: =+S23*(1+S$773+S$831) -> 42.463866 | T31: =+T23*(1+T$773+T$831) -> 46.47829 | U31: =+U23*(1+U$773+U$831) -> 60.447964 | V31: =+V23*(1+V$773+V$831) -> 50.782407 | ... Z31: =+Z23*(1+Z$773+Z$831) -> 86.873391
A32: VT WE Sub Peak $/MWH | C32: 118.5586 | D32: 149.04228 | E32: 25.675503 | F32: 25.876257 | G32: 21.431247 | H32: 32.916705 | I32: 44.441597 | J32: 37.154366 | K32: 31.005231 | L32: 30.57057 | M32: 44.549527 | N32: 75.201029 | O32: =+O24*(1+O$773+O$831) -> 87.648809 | P32: =+P24*(1+P$773+P$831) -> 76.420844 | Q32: =+Q24*(1+Q$773+Q$831) -> 46.93264 | R32: =+R24*(1+R$773+R$831) -> 36.804235 | S32: =+S24*(1+S$773+S$831) -> 32.323122 | T32: =+T24*(1+T$773+T$831) -> 36.526402 | U32: =+U24*(1+U$773+U$831) -> 45.18278 | V32: =+V24*(1+V$773+V$831) -> 37.718804 | ... Z32: =+Z24*(1+Z$773+Z$831) -> 78.077602
A33: Hours per month | C33: 744 | D33: 696 | E33: 743 | F33: 720 | G33: 744 | H33: 720 | I33: 744 | J33: 744 | K33: 720 | L33: 744 | M33: 721 | N33: 744 | O33: =+O34+O35 -> 744 | P33: =+P34+P35 -> 672 | Q33: =+Q34+Q35 -> 743 | R33: =+R34+R35 -> 720 | S33: =+S34+S35 -> 744 | T33: =+T34+T35 -> 720 | U33: =+U34+U35 -> 744 | V33: =+V34+V35 -> 744 | ... Z33: =+Z34+Z35 -> 744
A34: Peak Hours | C34: 352 | D34: 336 | E34: 336 | F34: 352 | G34: 352 | H34: 320 | I34: 352 | J34: 352 | K34: 320 | L34: 368 | M34: 320 | N34: 336 | O34: =16*O38 -> 352 | P34: =16*P38 -> 320 | Q34: =16*Q38 -> 336 | R34: =16*R38 -> 352 | S34: =16*S38 -> 336 | T34: =16*T38 -> 336 | U34: =16*U38 -> 352 | V34: =16*V38 -> 336 | ... Z34: =16*Z38 -> 352
A35: Off-Peak Hours | C35: 392 | D35: 360 | E35: 407 | F35: 368 | G35: 392 | H35: 400 | I35: 392 | J35: 392 | K35: 400 | L35: 376 | M35: 401 | N35: 408 | O35: =+O36+O37 -> 392 | P35: =+P36+P37 -> 352 | Q35: =+Q36+Q37 -> 407 | R35: =+R36+R37 -> 368 | S35: =+S36+S37 -> 408 | T35: =+T36+T37 -> 384 | U35: =+U36+U37 -> 392 | V35: =+V36+V37 -> 408 | ... Z35: =+Z36+Z37 -> 392
A36: Early AM Hours | C36: 248 | D36: 232 | E36: 247 | F36: 240 | G36: 248 | H36: 240 | I36: 248 | J36: 248 | K36: 240 | L36: 248 | M36: 241 | N36: 248 | O36: =+(O38+O39)*8 -> 248 | P36: =+(P38+P39)*8 -> 224 | Q36: =+(Q38+Q39)*8-1 -> 247 | R36: =+(R38+R39)*8 -> 240 | S36: =+(S38+S39)*8 -> 248 | T36: =+(T38+T39)*8 -> 240 | U36: =+(U38+U39)*8 -> 248 | V36: =+(V38+V39)*8 -> 248 | W36: =+(W38+W39)*8 -> 240 | X36: =+(X38+X39)*8 -> 248 | Y36: =+(Y38+Y39)*8+1 -> 241 | Z36: =+(Z38+Z39)*8 -> 248
A37: WE Peak Hours | C37: 144 | D37: 128 | E37: 160 | F37: 128 | G37: 144 | H37: 160 | I37: 144 | J37: 144 | K37: 160 | L37: 128 | M37: 160 | N37: 160 | O37: =+O39*16 -> 144 | P37: =+P39*16 -> 128 | Q37: =+Q39*16 -> 160 | R37: =+R39*16 -> 128 | S37: =+S39*16 -> 160 | T37: =+T39*16 -> 144 | U37: =+U39*16 -> 144 | V37: =+V39*16 -> 160 | ... Z37: =+Z39*16 -> 144
A38: Weekdays | C38: 22 | D38: 21 | E38: 21 | F38: 22 | G38: 22 | H38: 20 | I38: 22 | J38: 22 | K38: 20 | L38: 23 | M38: 20 | N38: 21 | O38: 22 | P38: 20 | Q38: 21 | R38: 22 | S38: 21 | T38: 21 | U38: 22 | V38: 21 | W38: 21 | X38: 23 | Y38: 19 | Z38: 22
A39: Weekend/Holiday Days | C39: 9 | D39: 8 | E39: 10 | F39: 8 | G39: 9 | H39: 10 | I39: 9 | J39: 9 | K39: 10 | L39: 8 | M39: 10 | N39: 10 | O39: =31-O38 -> 9 | P39: =28-P38 -> 8 | Q39: =31-Q38 -> 10 | R39: =30-R38 -> 8 | S39: =31-S38 -> 10 | T39: =30-T38 -> 9 | U39: =31-U38 -> 9 | V39: =31-V38 -> 10 | W39: =30-W38 -> 9 | X39: =31-X38 -> 8 | Y39: =30-Y38 -> 11 | Z39: =31-Z38 -> 9
A40: Base Year Loads | C40: 46714 | D40: 45492.714 | E40: 44762 | F40: 37336 | G40: 35681 | H40: 39148 | I40: 42902 | J40: 44070 | K40: 36965 | L40: 36234 | M40: 39210 | N40: 45849 | O40: 49302 | P40: =44391*(28/29) -> 42860.276 | Q40: 46956 | R40: 38448 | S40: 36690 | T40: =36820+3776 -> 40596 | U40: 45107 | V40: 38832 | W40: 36186 | X40: 38206 | Y40: 42395 | Z40: 46510
A41: Tier 3 Load Additions | C41: 0 | D41: 0 | E41: 0 | F41: 0 | G41: 0 | H41: 0 | I41: 0 | J41: 0 | K41: 0 | L41: 0 | M41: 0 | N41: 0 | O41: =C41 -> 0 | P41: =D41 -> 0 | Q41: =E41 -> 0 | R41: =F41 -> 0 | S41: =G41 -> 0 | T41: =H41 -> 0 | U41: =I41 -> 0 | V41: =J41 -> 0 | ... Z41: =N41 -> 0
A42: Base Year Loads | C42: 46714 | D42: 45492.714 | E42: 44762 | F42: 37336 | G42: 35681 | H42: 39148 | I42: 42902 | J42: 44070 | K42: 36965 | L42: 36234 | M42: 39210 | N42: 45849 | O42: =+O41+O40 -> 49302 | P42: =+P41+P40 -> 42860.276 | Q42: =+Q41+Q40 -> 46956 | R42: =+R41+R40 -> 38448 | S42: =+S41+S40 -> 36690 | T42: =+T41+T40 -> 40596 | U42: =+U41+U40 -> 45107 | V42: =+V41+V40 -> 38832 | ... Z42: =+Z41+Z40 -> 46510
A43: Monthly Annual Load Growth % | C43: 0 | D43: 0 | E43: 0 | F43: 0 | G43: 0 | H43: 0 | I43: 0 | J43: 0 | K43: 0 | L43: 0 | M43: 0 | N43: 0 | O43: 0 | P43: 0 | Q43: 0 | R43: 0 | S43: 0 | T43: 0 | U43: 0 | V43: 0 | W43: 0 | X43: 0 | Y43: 0 | Z43: 0
A44: Hours per month | C44: 744 | D44: 696 | E44: 743 | F44: 720 | G44: 744 | H44: 720 | I44: 744 | J44: 744 | K44: 720 | L44: 744 | M44: 721 | N44: 744 | O44: =+O33 -> 744 | P44: =+P33 -> 672 | Q44: =+Q33 -> 743 | R44: =+R33 -> 720 | S44: =+S33 -> 744 | T44: =+T33 -> 720 | U44: =+U33 -> 744 | V44: =+V33 -> 744 | ... Z44: =+Z33 -> 744
A45: Peak Hours | C45: 352 | D45: 336 | E45: 336 | F45: 352 | G45: 352 | H45: 320 | I45: 352 | J45: 352 | K45: 320 | L45: 368 | M45: 320 | N45: 336 | O45: =+O34 -> 352 | P45: =+P34 -> 320 | Q45: =+Q34 -> 336 | R45: =+R34 -> 352 | S45: =+S34 -> 336 | T45: =+T34 -> 336 | U45: =+U34 -> 352 | V45: =+V34 -> 336 | ... Z45: =+Z34 -> 352
A46: Off-Peak Hours | C46: 392 | D46: 360 | E46: 407 | F46: 368 | G46: 392 | H46: 400 | I46: 392 | J46: 392 | K46: 400 | L46: 376 | M46: 401 | N46: 408 | O46: =+O35 -> 392 | P46: =+P35 -> 352 | Q46: =+Q35 -> 407 | R46: =+R35 -> 368 | S46: =+S35 -> 408 | T46: =+T35 -> 384 | U46: =+U35 -> 392 | V46: =+V35 -> 408 | ... Z46: =+Z35 -> 392
A47: Early AM Hours | C47: 248 | D47: 232 | E47: 247 | F47: 240 | G47: 248 | H47: 240 | I47: 248 | J47: 248 | K47: 240 | L47: 248 | M47: 241 | N47: 248 | O47: =+O36 -> 248 | P47: =+P36 -> 224 | Q47: =+Q36 -> 247 | R47: =+R36 -> 240 | S47: =+S36 -> 248 | T47: =+T36 -> 240 | U47: =+U36 -> 248 | V47: =+V36 -> 248 | ... Z47: =+Z36 -> 248
A48: WE Peak Hours | C48: 144 | D48: 128 | E48: 160 | F48: 128 | G48: 144 | H48: 160 | I48: 144 | J48: 144 | K48: 160 | L48: 128 | M48: 160 | N48: 160 | O48: =+O37 -> 144 | P48: =+P37 -> 128 | Q48: =+Q37 -> 160 | R48: =+R37 -> 128 | S48: =+S37 -> 160 | T48: =+T37 -> 144 | U48: =+U37 -> 144 | V48: =+V37 -> 160 | ... Z48: =+Z37 -> 144
A49: MA REC $/MWH | C49: 39 | D49: 39 | E49: 39 | F49: 39 | G49: 39 | H49: 39 | I49: 39 | J49: 39 | K49: 39 | L49: 39 | M49: 39 | N49: 39 | O49: 39 | P49: 39 | Q49: 39 | R49: 39 | S49: 39 | T49: 39 | U49: 39 | V49: 39 | W49: 39 | X49: 39 | Y49: 39 | Z49: 39
A50: CT Class I RECs | C50: 39 | D50: 39 | E50: 39 | F50: 39 | G50: 39 | H50: 39 | I50: 39 | J50: 39 | K50: 39 | L50: 39 | M50: 39 | N50: 39 | O50: =O49 -> 39 | P50: =P49 -> 39 | Q50: =Q49 -> 39 | R50: =R49 -> 39 | S50: =S49 -> 39 | T50: =T49 -> 39 | U50: =U49 -> 39 | V50: =V49 -> 39 | ... Z50: =Z49 -> 39
A51: VT Tier 1 RECs - Purchase or Sale | C51: 2.5 | D51: 2.5 | E51: 2.5 | F51: 2.5 | G51: 2.5 | H51: 2.5 | I51: 2.5 | J51: 2.5 | K51: 2.5 | L51: 2.5 | M51: 2.5 | N51: 2.5 | O51: 3.75 | P51: 3.75 | Q51: 3.75 | R51: 3.75 | S51: 3.75 | T51: 3.75 | U51: 3.75 | V51: 3.75 | W51: 3.75 | X51: 3.75 | Y51: 3.75 | Z51: 3.75
A52: VT Tier 2 RECs - Purchase or Sale | C52: 39 | D52: 39 | E52: 39 | F52: 39 | G52: 39 | H52: 39 | I52: 39 | J52: 39 | K52: 39 | L52: 39 | M52: 39 | N52: 39 | O52: =O49 -> 39 | P52: =P49 -> 39 | Q52: =Q49 -> 39 | R52: =R49 -> 39 | S52: =S49 -> 39 | T52: =T49 -> 39 | U52: =U49 -> 39 | V52: =V49 -> 39 | ... Z52: =Z49 -> 39
A53: VT Tier 1 ACP | C53: 11.67834 | D53: 11.67834 | E53: 11.67834 | F53: 11.67834 | G53: 11.67834 | H53: 11.67834 | I53: 11.67834 | J53: 11.67834 | K53: 11.67834 | L53: 11.67834 | M53: 11.67834 | N53: 11.67834 | O53: =+C53*(1+O$55) -> 11.970299 | P53: =+D53*(1+P$55) -> 11.970299 | Q53: =+E53*(1+Q$55) -> 11.970299 | R53: =+F53*(1+R$55) -> 11.970299 | S53: =+G53*(1+S$55) -> 11.970299 | T53: =+H53*(1+T$55) -> 11.970299 | U53: =+I53*(1+U$55) -> 11.970299 | V53: =+J53*(1+V$55) -> 11.970299 | ... Z53: =+N53*(1+Z$55) -> 11.970299
A54: VT Tier 2 ACP | C54: 70.070042 | D54: 70.070042 | E54: 70.070042 | F54: 70.070042 | G54: 70.070042 | H54: 70.070042 | I54: 70.070042 | J54: 70.070042 | K54: 70.070042 | L54: 70.070042 | M54: 70.070042 | N54: 70.070042 | O54: =+C54*(1+O$55) -> 71.821793 | P54: =+D54*(1+P$55) -> 71.821793 | Q54: =+E54*(1+Q$55) -> 71.821793 | R54: =+F54*(1+R$55) -> 71.821793 | S54: =+G54*(1+S$55) -> 71.821793 | T54: =+H54*(1+T$55) -> 71.821793 | U54: =+I54*(1+U$55) -> 71.821793 | V54: =+J54*(1+V$55) -> 71.821793 | ... Z54: =+N54*(1+Z$55) -> 71.821793
A55: Inflation | C55: 0.025 | D55: 0.025 | E55: 0.025 | F55: 0.025 | G55: 0.025 | H55: 0.025 | I55: 0.025 | J55: 0.025 | K55: 0.025 | L55: 0.025 | M55: 0.025 | N55: 0.025 | O55: 0.025 | P55: 0.025 | Q55: 0.025 | R55: 0.025 | S55: 0.025 | T55: 0.025 | U55: 0.025 | V55: 0.025 | W55: 0.025 | X55: 0.025 | Y55: 0.025 | Z55: 0.025
A57: VJO and NYPA fees from VELCO
A58: VJO Scheduling & Billing
A59: NYPA Contract Settlement | C59: 866.07 | D59: 1224.11 | E59: 1277.55 | F59: 1474.1 | G59: 1152.97 | H59: 1084.14 | I59: 802.32 | J59: 946.35 | K59: 765.56 | L59: 1126.84 | M59: 864.29 | N59: 957.35 | O59: 1082.26 | P59: 1277.07 | Q59: 1488 | R59: 1086.66 | S59: 1023.26 | T59: 1263.39 | U59: 1343.49 | V59: 1103.91 | W59: 1382.3 | X59: 1276.87 | Y59: 1104.54 | Z59: 1301.81
A60: Total $ | C60: 866.07 | D60: 1224.11 | E60: 1277.55 | F60: 1474.1 | G60: 1152.97 | H60: 1084.14 | I60: 802.32 | J60: 946.35 | K60: 765.56 | L60: 1126.84 | M60: 864.29 | N60: 957.35 | O60: =+O58+O59 -> 1082.26 | P60: =+P58+P59 -> 1277.07 | Q60: =+Q58+Q59 -> 1488 | R60: =+R58+R59 -> 1086.66 | S60: =+S58+S59 -> 1023.26 | T60: =+T58+T59 -> 1263.39 | U60: =+U58+U59 -> 1343.49 | V60: =+V58+V59 -> 1103.91 | ... Z60: =+Z58+Z59 -> 1301.81
A62: VELCO IBT Scheduling Fees | C62: 271.34 | D62: 239.12 | E62: 212.99 | F62: 202.68 | G62: 248.01 | H62: 193.28 | I62: 266.04 | J62: 245.74 | K62: 222.4 | L62: 222.02 | M62: 153.58 | N62: 290.84 | O62: 282.27 | P62: 211.66 | Q62: 270.78 | R62: 252.29 | S62: 242.19 | T62: 270.3 | U62: 239.06 | V62: 256.2 | W62: 248.47 | X62: 265.62 | Y62: 229.67 | Z62: 193.74
A65: HQ C-1 Firm
A66: Cap (kw)
A67: =19995 -> 19995
A68: Capacity Cost Escalotor - PY 2006
A69: Capacity Cost Escalotor - PY 2007
A70: Capacity Cost Escalotor - PY 2008
A71: Capacity Cost Escalotor - PY 2009
A72: Capacity Cost Escalotor - PY 2010
A73: Capacity Cost Escalotor - PY 2011
A74: Capacity Cost Escalotor - PY 2012
A75: Capacity Cost Escalotor - PY 2013
C80: 45307 | D80: 45338 | E80: 45366 | F80: 45397 | G80: 45427 | H80: 45458 | I80: 45488 | J80: 45519 | K80: 45550 | L80: 45580 | M80: 45611 | N80: 45641 | O80: =+#REF! -> #REF! | P80: =+#REF! -> #REF! | Q80: =+#REF! -> #REF! | R80: =+#REF! -> #REF! | S80: =+#REF! -> #REF! | T80: =+#REF! -> #REF! | U80: =+#REF! -> #REF! | V80: =+#REF! -> #REF! | ... Z80: =+#REF! -> #REF!
A81: Contract MWHs | C81: 0 | D81: 0 | E81: 0 | F81: 0 | G81: 0 | H81: 0 | I81: 0 | J81: 0 | K81: 0 | L81: 0 | M81: 0 | N81: 0 | O81: 0 | P81: 0 | Q81: 0 | R81: 0 | S81: 0 | T81: 0 | U81: 0 | V81: 0 | W81: 0 | X81: 0 | Y81: 0 | Z81: 0
A82: ATY Energy $ | C82: 0 | D82: 0 | E82: 0 | F82: 0 | G82: 0 | H82: 0 | I82: 0 | J82: 0 | K82: 0 | L82: 0 | M82: 0 | N82: 0 | O82: 0 | P82: 0 | Q82: 0 | R82: 0 | S82: 0 | T82: 0 | U82: 0 | V82: 0 | W82: 0 | X82: 0 | Y82: 0 | Z82: 0
A83: ATY Capacity $ | C83: 0 | D83: 0 | E83: 0 | F83: 0 | G83: 0 | H83: 0 | I83: 0 | J83: 0 | K83: 0 | L83: 0 | M83: 0 | N83: 0 | O83: 0 | P83: 0 | Q83: 0 | R83: 0 | S83: 0 | T83: 0 | U83: 0 | V83: 0 | W83: 0 | X83: 0 | Y83: 0 | Z83: 0
A85: HQ C-2 Firm
A86: Cap (kw)
A87: 5132
A88: Capacity Cost Escalotor - PY 2006
A89: Capacity Cost Escalotor - PY 2007
A90: Capacity Cost Escalotor - PY 2008
A91: Capacity Cost Escalotor - PY 2009
A92: Capacity Cost Escalotor - PY 2010
A93: Capacity Cost Escalotor - PY 2011
A94: Capacity Cost Escalotor - PY 2012
A95: Capacity Cost Escalotor - PY 2013
C97: 45307 | D97: 45338 | E97: 45366 | F97: 45397 | G97: 45427 | H97: 45458 | I97: 45488 | J97: 45519 | K97: 45550 | L97: 45580 | M97: 45611 | N97: 45641 | O97: =+#REF! -> #REF! | P97: =+#REF! -> #REF! | Q97: =+#REF! -> #REF! | R97: =+#REF! -> #REF! | S97: =+#REF! -> #REF! | T97: =+#REF! -> #REF! | U97: =+#REF! -> #REF! | V97: =+#REF! -> #REF! | ... Z97: =+#REF! -> #REF!
A98: Contract MWHs | C98: 0 | D98: 0 | E98: 0 | F98: 0 | G98: 0 | H98: 0 | I98: 0 | J98: 0 | K98: 0 | L98: 0 | M98: 0 | N98: 0 | O98: 0 | P98: 0 | Q98: 0 | R98: 0 | S98: 0 | T98: 0 | U98: 0 | V98: 0 | W98: 0 | X98: 0 | Y98: 0 | Z98: 0
A99: ATY Energy $ | C99: 0 | D99: 0 | E99: 0 | F99: 0 | G99: 0 | H99: 0 | I99: 0 | J99: 0 | K99: 0 | L99: 0 | M99: 0 | N99: 0 | O99: 0 | P99: 0 | Q99: 0 | R99: 0 | S99: 0 | T99: 0 | U99: 0 | V99: 0 | W99: 0 | X99: 0 | Y99: 0 | Z99: 0
A100: ATY Capacity $ | C100: 0 | D100: 0 | E100: 0 | F100: 0 | G100: 0 | H100: 0 | I100: 0 | J100: 0 | K100: 0 | L100: 0 | M100: 0 | N100: 0 | O100: 0 | P100: 0 | Q100: 0 | R100: 0 | S100: 0 | T100: 0 | U100: 0 | V100: 0 | W100: 0 | X100: 0 | Y100: 0 | Z100: 0
A102: HQ C-3 Firm
A103: Cap (kw)
A104: 125
A105: Capacity Cost Escalotor - PY 2006
A106: Capacity Cost Escalotor - PY 2007
A107: Capacity Cost Escalotor - PY 2008
A108: Capacity Cost Escalotor - PY 2009
A109: Capacity Cost Escalotor - PY 2010
A110: Capacity Cost Escalotor - PY 2011
A111: Capacity Cost Escalotor - PY 2012
...

Sheet ACCT 447 Est
A1: Need to adjust sales to ISO to net out ASE so we are consistent with our FERC reporting.
A2: Take MWHs Sold-to and Purchased-from ISO for each time frame and adjust by ratio of Total MWHs sold-vs-ASE to get a net #
A4: MWH Purchases | B4: ='Detailed Assumps'!C2 -> 45307 | C4: ='Detailed Assumps'!D2 -> 45338 | D4: ='Detailed Assumps'!E2 -> 45366 | E4: ='Detailed Assumps'!F2 -> 45397 | F4: ='Detailed Assumps'!G2 -> 45427 | G4: ='Detailed Assumps'!H2 -> 45458 | H4: ='Detailed Assumps'!I2 -> 45488 | I4: ='Detailed Assumps'!J2 -> 45519 | ... Y4: ='Detailed Assumps'!Z2 -> 46007
A5: Super Peak | B5: =+IF('Detailed Assumps'!C724>0,'Detailed Assumps'!C724,0) -> 1004.1312 | C5: =+IF('Detailed Assumps'!D724>0,'Detailed Assumps'!D724,0) -> 0 | D5: =+IF('Detailed Assumps'!E724>0,'Detailed Assumps'!E724,0) -> 623.30889 | E5: =+IF('Detailed Assumps'!F724>0,'Detailed Assumps'!F724,0) -> 0 | F5: =+IF('Detailed Assumps'!G724>0,'Detailed Assumps'!G724,0) -> 0 | G5: =+IF('Detailed Assumps'!H724>0,'Detailed Assumps'!H724,0) -> 2636.7071 | H5: =+IF('Detailed Assumps'!I724>0,'Detailed Assumps'!I724,0) -> 0 | I5: =+IF('Detailed Assumps'!J724>0,'Detailed Assumps'!J724,0) -> 608.63388 | ... Y5: =+IF('Detailed Assumps'!Z724>0,'Detailed Assumps'!Z724,0) -> 904.63507
A6: Sub-Peak | B6: =+IF('Detailed Assumps'!C725>0,'Detailed Assumps'!C725,0) -> 0 | C6: =+IF('Detailed Assumps'!D725>0,'Detailed Assumps'!D725,0) -> 1177.8865 | D6: =+IF('Detailed Assumps'!E725>0,'Detailed Assumps'!E725,0) -> 0 | E6: =+IF('Detailed Assumps'!F725>0,'Detailed Assumps'!F725,0) -> 0 | F6: =+IF('Detailed Assumps'!G725>0,'Detailed Assumps'!G725,0) -> 0 | G6: =+IF('Detailed Assumps'!H725>0,'Detailed Assumps'!H725,0) -> 0 | H6: =+IF('Detailed Assumps'!I725>0,'Detailed Assumps'!I725,0) -> 0 | I6: =+IF('Detailed Assumps'!J725>0,'Detailed Assumps'!J725,0) -> 0 | ... Y6: =+IF('Detailed Assumps'!Z725>0,'Detailed Assumps'!Z725,0) -> 203.3057
A7: Early AM | B7: =+IF('Detailed Assumps'!C726>0,'Detailed Assumps'!C726,0) -> 2540.6985 | C7: =+IF('Detailed Assumps'!D726>0,'Detailed Assumps'!D726,0) -> 0 | D7: =+IF('Detailed Assumps'!E726>0,'Detailed Assumps'!E726,0) -> 1804.5755 | E7: =+IF('Detailed Assumps'!F726>0,'Detailed Assumps'!F726,0) -> 0 | F7: =+IF('Detailed Assumps'!G726>0,'Detailed Assumps'!G726,0) -> 0 | G7: =+IF('Detailed Assumps'!H726>0,'Detailed Assumps'!H726,0) -> 7586.8827 | H7: =+IF('Detailed Assumps'!I726>0,'Detailed Assumps'!I726,0) -> 0 | I7: =+IF('Detailed Assumps'!J726>0,'Detailed Assumps'!J726,0) -> 1875.2724 | ... Y7: =+IF('Detailed Assumps'!Z726>0,'Detailed Assumps'!Z726,0) -> 1848.7179
A8: WE Super Peak | B8: =+IF('Detailed Assumps'!C727>0,'Detailed Assumps'!C727,0) -> 527.38157 | C8: =+IF('Detailed Assumps'!D727>0,'Detailed Assumps'!D727,0) -> 0 | D8: =+IF('Detailed Assumps'!E727>0,'Detailed Assumps'!E727,0) -> 548.04146 | E8: =+IF('Detailed Assumps'!F727>0,'Detailed Assumps'!F727,0) -> 0 | F8: =+IF('Detailed Assumps'!G727>0,'Detailed Assumps'!G727,0) -> 0 | G8: =+IF('Detailed Assumps'!H727>0,'Detailed Assumps'!H727,0) -> 1919.9908 | H8: =+IF('Detailed Assumps'!I727>0,'Detailed Assumps'!I727,0) -> 0 | I8: =+IF('Detailed Assumps'!J727>0,'Detailed Assumps'!J727,0) -> 235.28425 | ... Y8: =+IF('Detailed Assumps'!Z727>0,'Detailed Assumps'!Z727,0) -> 261.33888
A9: WE Sub-Peak | B9: =+IF('Detailed Assumps'!C728>0,'Detailed Assumps'!C728,0) -> 370.98725 | C9: =+IF('Detailed Assumps'!D728>0,'Detailed Assumps'!D728,0) -> 582.11426 | D9: =+IF('Detailed Assumps'!E728>0,'Detailed Assumps'!E728,0) -> 0 | E9: =+IF('Detailed Assumps'!F728>0,'Detailed Assumps'!F728,0) -> 0 | F9: =+IF('Detailed Assumps'!G728>0,'Detailed Assumps'!G728,0) -> 0 | G9: =+IF('Detailed Assumps'!H728>0,'Detailed Assumps'!H728,0) -> 0 | H9: =+IF('Detailed Assumps'!I728>0,'Detailed Assumps'!I728,0) -> 0 | I9: =+IF('Detailed Assumps'!J728>0,'Detailed Assumps'!J728,0) -> 0 | ... Y9: =+IF('Detailed Assumps'!Z728>0,'Detailed Assumps'!Z728,0) -> 0
A10: Total MWH | B10: =+SUM(B5:B9) -> 4443.1985 | C10: =+SUM(C5:C9) -> 1760.0007 | D10: =+SUM(D5:D9) -> 2975.9258 | E10: =+SUM(E5:E9) -> 0 | F10: =+SUM(F5:F9) -> 0 | G10: =+SUM(G5:G9) -> 12143.581 | H10: =+SUM(H5:H9) -> 0 | I10: =+SUM(I5:I9) -> 2719.1906 | ... Y10: =+SUM(Y5:Y9) -> 3217.9975
A12: MWH Sales | B12: =+B4 -> 45307 | C12: =+C4 -> 45338 | D12: =+D4 -> 45366 | E12: =+E4 -> 45397 | F12: =+F4 -> 45427 | G12: =+G4 -> 45458 | H12: =+H4 -> 45488 | I12: =+I4 -> 45519 | ... Y12: =+Y4 -> 46007
A13: Super Peak | B13: =+IF('Detailed Assumps'!C724<0,'Detailed Assumps'!C724,0) -> 0 | C13: =+IF('Detailed Assumps'!D724<0,'Detailed Assumps'!D724,0) -> -379.45194 | D13: =+IF('Detailed Assumps'!E724<0,'Detailed Assumps'!E724,0) -> 0 | E13: =+IF('Detailed Assumps'!F724<0,'Detailed Assumps'!F724,0) -> -1291.7827 | F13: =+IF('Detailed Assumps'!G724<0,'Detailed Assumps'!G724,0) -> -878.55881 | G13: =+IF('Detailed Assumps'!H724<0,'Detailed Assumps'!H724,0) -> 0 | H13: =+IF('Detailed Assumps'!I724<0,'Detailed Assumps'!I724,0) -> -967.13129 | I13: =+IF('Detailed Assumps'!J724<0,'Detailed Assumps'!J724,0) -> 0 | ... Y13: =+IF('Detailed Assumps'!Z724<0,'Detailed Assumps'!Z724,0) -> 0
A14: Sub-Peak | B14: =+IF('Detailed Assumps'!C725<0,'Detailed Assumps'!C725,0) -> -13.704558 | C14: =+IF('Detailed Assumps'!D725<0,'Detailed Assumps'!D725,0) -> 0 | D14: =+IF('Detailed Assumps'!E725<0,'Detailed Assumps'!E725,0) -> -3907.8515 | E14: =+IF('Detailed Assumps'!F725<0,'Detailed Assumps'!F725,0) -> -5924.5902 | F14: =+IF('Detailed Assumps'!G725<0,'Detailed Assumps'!G725,0) -> -4866.353 | G14: =+IF('Detailed Assumps'!H725<0,'Detailed Assumps'!H725,0) -> -10145.149 | H14: =+IF('Detailed Assumps'!I725<0,'Detailed Assumps'!I725,0) -> -4913.093 | I14: =+IF('Detailed Assumps'!J725<0,'Detailed Assumps'!J725,0) -> -3365.1086 | ... Y14: =+IF('Detailed Assumps'!Z725<0,'Detailed Assumps'!Z725,0) -> 0
A15: Early AM | B15: =+IF('Detailed Assumps'!C726<0,'Detailed Assumps'!C726,0) -> 0 | C15: =+IF('Detailed Assumps'!D726<0,'Detailed Assumps'!D726,0) -> -1061.6397 | D15: =+IF('Detailed Assumps'!E726<0,'Detailed Assumps'!E726,0) -> 0 | E15: =+IF('Detailed Assumps'!F726<0,'Detailed Assumps'!F726,0) -> -1678.5681 | F15: =+IF('Detailed Assumps'!G726<0,'Detailed Assumps'!G726,0) -> -665.90467 | G15: =+IF('Detailed Assumps'!H726<0,'Detailed Assumps'!H726,0) -> 0 | H15: =+IF('Detailed Assumps'!I726<0,'Detailed Assumps'!I726,0) -> -1123.5859 | I15: =+IF('Detailed Assumps'!J726<0,'Detailed Assumps'!J726,0) -> 0 | ... Y15: =+IF('Detailed Assumps'!Z726<0,'Detailed Assumps'!Z726,0) -> 0
A16: WE Super Peak | B16: =+IF('Detailed Assumps'!C727<0,'Detailed Assumps'!C727,0) -> 0 | C16: =+IF('Detailed Assumps'!D727<0,'Detailed Assumps'!D727,0) -> -90.977504 | D16: =+IF('Detailed Assumps'!E727<0,'Detailed Assumps'!E727,0) -> 0 | E16: =+IF('Detailed Assumps'!F727<0,'Detailed Assumps'!F727,0) -> -520.71091 | F16: =+IF('Detailed Assumps'!G727<0,'Detailed Assumps'!G727,0) -> -393.81869 | G16: =+IF('Detailed Assumps'!H727<0,'Detailed Assumps'!H727,0) -> 0 | H16: =+IF('Detailed Assumps'!I727<0,'Detailed Assumps'!I727,0) -> -356.93681 | I16: =+IF('Detailed Assumps'!J727<0,'Detailed Assumps'!J727,0) -> 0 | ... Y16: =+IF('Detailed Assumps'!Z727<0,'Detailed Assumps'!Z727,0) -> 0
A17: WE Sub-Peak | B17: =+IF('Detailed Assumps'!C728<0,'Detailed Assumps'!C728,0) -> 0 | C17: =+IF('Detailed Assumps'!D728<0,'Detailed Assumps'!D728,0) -> 0 | D17: =+IF('Detailed Assumps'!E728<0,'Detailed Assumps'!E728,0) -> -718.96889 | E17: =+IF('Detailed Assumps'!F728<0,'Detailed Assumps'!F728,0) -> -2209.9734 | F17: =+IF('Detailed Assumps'!G728<0,'Detailed Assumps'!G728,0) -> -2148.555 | G17: =+IF('Detailed Assumps'!H728<0,'Detailed Assumps'!H728,0) -> -2870.4615 | H17: =+IF('Detailed Assumps'!I728<0,'Detailed Assumps'!I728,0) -> -2078.9557 | I17: =+IF('Detailed Assumps'!J728<0,'Detailed Assumps'!J728,0) -> -1474.5485 | ... Y17: =+IF('Detailed Assumps'!Z728<0,'Detailed Assumps'!Z728,0) -> -127.38948
A18: Total MWH | B18: =+SUM(B13:B17) -> -13.704558 | C18: =+SUM(C13:C17) -> -1532.0692 | D18: =+SUM(D13:D17) -> -4626.8204 | E18: =+SUM(E13:E17) -> -11625.625 | F18: =+SUM(F13:F17) -> -8953.1902 | G18: =+SUM(G13:G17) -> -13015.61 | H18: =+SUM(H13:H17) -> -9439.7027 | I18: =+SUM(I13:I17) -> -4839.6571 | ... Y18: =+SUM(Y13:Y17) -> -127.38948
A21: $ Purchases | B21: =+B4 -> 45307 | C21: =+C4 -> 45338 | D21: =+D4 -> 45366 | E21: =+E4 -> 45397 | F21: =+F4 -> 45427 | G21: =+G4 -> 45458 | H21: =+H4 -> 45488 | I21: =+I4 -> 45519 | ... Y21: =+Y4 -> 46007
A22: Super Peak | B22: =+IF('Detailed Assumps'!C733>0,'Detailed Assumps'!C733,0) -> 152109.01 | C22: =+IF('Detailed Assumps'!D733>0,'Detailed Assumps'!D733,0) -> 0 | D22: =+IF('Detailed Assumps'!E733>0,'Detailed Assumps'!E733,0) -> 18739.713 | E22: =+IF('Detailed Assumps'!F733>0,'Detailed Assumps'!F733,0) -> 0 | F22: =+IF('Detailed Assumps'!G733>0,'Detailed Assumps'!G733,0) -> 0 | G22: =+IF('Detailed Assumps'!H733>0,'Detailed Assumps'!H733,0) -> 135418.1 | H22: =+IF('Detailed Assumps'!I733>0,'Detailed Assumps'!I733,0) -> 0 | I22: =+IF('Detailed Assumps'!J733>0,'Detailed Assumps'!J733,0) -> 42013.914 | ... Y22: =+IF('Detailed Assumps'!Z733>0,'Detailed Assumps'!Z733,0) -> 87281.81
A23: Sub-Peak | B23: =+IF('Detailed Assumps'!C734>0,'Detailed Assumps'!C734,0) -> 0 | C23: =+IF('Detailed Assumps'!D734>0,'Detailed Assumps'!D734,0) -> 111781.77 | D23: =+IF('Detailed Assumps'!E734>0,'Detailed Assumps'!E734,0) -> 0 | E23: =+IF('Detailed Assumps'!F734>0,'Detailed Assumps'!F734,0) -> 0 | F23: =+IF('Detailed Assumps'!G734>0,'Detailed Assumps'!G734,0) -> 0 | G23: =+IF('Detailed Assumps'!H734>0,'Detailed Assumps'!H734,0) -> 0 | H23: =+IF('Detailed Assumps'!I734>0,'Detailed Assumps'!I734,0) -> 0 | I23: =+IF('Detailed Assumps'!J734>0,'Detailed Assumps'!J734,0) -> 0 | ... Y23: =+IF('Detailed Assumps'!Z734>0,'Detailed Assumps'!Z734,0) -> 18604.311
A24: Early AM | B24: =+IF('Detailed Assumps'!C735>0,'Detailed Assumps'!C735,0) -> 259647.62 | C24: =+IF('Detailed Assumps'!D735>0,'Detailed Assumps'!D735,0) -> 0 | D24: =+IF('Detailed Assumps'!E735>0,'Detailed Assumps'!E735,0) -> 36995.61 | E24: =+IF('Detailed Assumps'!F735>0,'Detailed Assumps'!F735,0) -> 0 | F24: =+IF('Detailed Assumps'!G735>0,'Detailed Assumps'!G735,0) -> 0 | G24: =+IF('Detailed Assumps'!H735>0,'Detailed Assumps'!H735,0) -> 250965.65 | H24: =+IF('Detailed Assumps'!I735>0,'Detailed Assumps'!I735,0) -> 0 | I24: =+IF('Detailed Assumps'!J735>0,'Detailed Assumps'!J735,0) -> 70788.553 | ... Y24: =+IF('Detailed Assumps'!Z735>0,'Detailed Assumps'!Z735,0) -> 111398.57
A25: WE Super Peak | B25: =+IF('Detailed Assumps'!C736>0,'Detailed Assumps'!C736,0) -> 90267.071 | C25: =+IF('Detailed Assumps'!D736>0,'Detailed Assumps'!D736,0) -> 0 | D25: =+IF('Detailed Assumps'!E736>0,'Detailed Assumps'!E736,0) -> 17828.39 | E25: =+IF('Detailed Assumps'!F736>0,'Detailed Assumps'!F736,0) -> 0 | F25: =+IF('Detailed Assumps'!G736>0,'Detailed Assumps'!G736,0) -> 0 | G25: =+IF('Detailed Assumps'!H736>0,'Detailed Assumps'!H736,0) -> 81854.126 | H25: =+IF('Detailed Assumps'!I736>0,'Detailed Assumps'!I736,0) -> 0 | I25: =+IF('Detailed Assumps'!J736>0,'Detailed Assumps'!J736,0) -> 11759.019 | ... Y25: =+IF('Detailed Assumps'!Z736>0,'Detailed Assumps'!Z736,0) -> 22703.395
A26: WE Sub-Peak | B26: =+IF('Detailed Assumps'!C737>0,'Detailed Assumps'!C737,0) -> 43983.73 | C26: =+IF('Detailed Assumps'!D737>0,'Detailed Assumps'!D737,0) -> 86759.638 | D26: =+IF('Detailed Assumps'!E737>0,'Detailed Assumps'!E737,0) -> 0 | E26: =+IF('Detailed Assumps'!F737>0,'Detailed Assumps'!F737,0) -> 0 | F26: =+IF('Detailed Assumps'!G737>0,'Detailed Assumps'!G737,0) -> 0 | G26: =+IF('Detailed Assumps'!H737>0,'Detailed Assumps'!H737,0) -> 0 | H26: =+IF('Detailed Assumps'!I737>0,'Detailed Assumps'!I737,0) -> 0 | I26: =+IF('Detailed Assumps'!J737>0,'Detailed Assumps'!J737,0) -> 0 | ... Y26: =+IF('Detailed Assumps'!Z737>0,'Detailed Assumps'!Z737,0) -> 0
A27: Total $ | B27: =+SUM(B22:B26) -> 546007.43 | C27: =+SUM(C22:C26) -> 198541.4 | D27: =+SUM(D22:D26) -> 73563.713 | E27: =+SUM(E22:E26) -> 0 | F27: =+SUM(F22:F26) -> 0 | G27: =+SUM(G22:G26) -> 468237.87 | H27: =+SUM(H22:H26) -> 0 | I27: =+SUM(I22:I26) -> 124561.49 | ... Y27: =+SUM(Y22:Y26) -> 239988.08
A30: $ Sales | B30: =+B12 -> 45307 | C30: =+C12 -> 45338 | D30: =+D12 -> 45366 | E30: =+E12 -> 45397 | F30: =+F12 -> 45427 | G30: =+G12 -> 45458 | H30: =+H12 -> 45488 | I30: =+I12 -> 45519 | ... Y30: =+Y12 -> 46007
A31: Super Peak | B31: =+IF('Detailed Assumps'!C733<0,'Detailed Assumps'!C733,0) -> 0 | C31: =+IF('Detailed Assumps'!D733<0,'Detailed Assumps'!D733,0) -> -45688.422 | D31: =+IF('Detailed Assumps'!E733<0,'Detailed Assumps'!E733,0) -> 0 | E31: =+IF('Detailed Assumps'!F733<0,'Detailed Assumps'!F733,0) -> -45840.86 | F31: =+IF('Detailed Assumps'!G733<0,'Detailed Assumps'!G733,0) -> -31252.352 | G31: =+IF('Detailed Assumps'!H733<0,'Detailed Assumps'!H733,0) -> 0 | H31: =+IF('Detailed Assumps'!I733<0,'Detailed Assumps'!I733,0) -> -82123.971 | I31: =+IF('Detailed Assumps'!J733<0,'Detailed Assumps'!J733,0) -> 0 | ... Y31: =+IF('Detailed Assumps'!Z733<0,'Detailed Assumps'!Z733,0) -> 0
A32: Sub-Peak | B32: =+IF('Detailed Assumps'!C734<0,'Detailed Assumps'!C734,0) -> -1815.7963 | C32: =+IF('Detailed Assumps'!D734<0,'Detailed Assumps'!D734,0) -> 0 | D32: =+IF('Detailed Assumps'!E734<0,'Detailed Assumps'!E734,0) -> -93716.565 | E32: =+IF('Detailed Assumps'!F734<0,'Detailed Assumps'!F734,0) -> -152064.06 | F32: =+IF('Detailed Assumps'!G734<0,'Detailed Assumps'!G734,0) -> -134920.46 | G32: =+IF('Detailed Assumps'!H734<0,'Detailed Assumps'!H734,0) -> -424319.39 | H32: =+IF('Detailed Assumps'!I734<0,'Detailed Assumps'!I734,0) -> -298936.37 | I32: =+IF('Detailed Assumps'!J734<0,'Detailed Assumps'!J734,0) -> -170258.99 | ... Y32: =+IF('Detailed Assumps'!Z734<0,'Detailed Assumps'!Z734,0) -> 0
A33: Early AM | B33: =+IF('Detailed Assumps'!C735<0,'Detailed Assumps'!C735,0) -> 0 | C33: =+IF('Detailed Assumps'!D735<0,'Detailed Assumps'!D735,0) -> -113913.94 | D33: =+IF('Detailed Assumps'!E735<0,'Detailed Assumps'!E735,0) -> 0 | E33: =+IF('Detailed Assumps'!F735<0,'Detailed Assumps'!F735,0) -> -41124.919 | F33: =+IF('Detailed Assumps'!G735<0,'Detailed Assumps'!G735,0) -> -15915.122 | G33: =+IF('Detailed Assumps'!H735<0,'Detailed Assumps'!H735,0) -> 0 | H33: =+IF('Detailed Assumps'!I735<0,'Detailed Assumps'!I735,0) -> -45336.691 | I33: =+IF('Detailed Assumps'!J735<0,'Detailed Assumps'!J735,0) -> 0 | ... Y33: =+IF('Detailed Assumps'!Z735<0,'Detailed Assumps'!Z735,0) -> 0
A34: WE Super Peak | B34: =+IF('Detailed Assumps'!C736<0,'Detailed Assumps'!C736,0) -> 0 | C34: =+IF('Detailed Assumps'!D736<0,'Detailed Assumps'!D736,0) -> -15119.323 | D34: =+IF('Detailed Assumps'!E736<0,'Detailed Assumps'!E736,0) -> 0 | E34: =+IF('Detailed Assumps'!F736<0,'Detailed Assumps'!F736,0) -> -17684.174 | F34: =+IF('Detailed Assumps'!G736<0,'Detailed Assumps'!G736,0) -> -12539.975 | G34: =+IF('Detailed Assumps'!H736<0,'Detailed Assumps'!H736,0) -> 0 | H34: =+IF('Detailed Assumps'!I736<0,'Detailed Assumps'!I736,0) -> -23499.708 | I34: =+IF('Detailed Assumps'!J736<0,'Detailed Assumps'!J736,0) -> 0 | ... Y34: =+IF('Detailed Assumps'!Z736<0,'Detailed Assumps'!Z736,0) -> 0
A35: WE Sub-Peak | B35: =+IF('Detailed Assumps'!C737<0,'Detailed Assumps'!C737,0) -> 0 | C35: =+IF('Detailed Assumps'!D737<0,'Detailed Assumps'!D737,0) -> 0 | D35: =+IF('Detailed Assumps'!E737<0,'Detailed Assumps'!E737,0) -> -18729.722 | E35: =+IF('Detailed Assumps'!F737<0,'Detailed Assumps'!F737,0) -> -58523.77 | F35: =+IF('Detailed Assumps'!G737<0,'Detailed Assumps'!G737,0) -> -46057.849 | G35: =+IF('Detailed Assumps'!H737<0,'Detailed Assumps'!H737,0) -> -95257.437 | H35: =+IF('Detailed Assumps'!I737<0,'Detailed Assumps'!I737,0) -> -93186.342 | I35: =+IF('Detailed Assumps'!J737<0,'Detailed Assumps'!J737,0) -> -55039.773 | ... Y35: =+IF('Detailed Assumps'!Z737<0,'Detailed Assumps'!Z737,0) -> -10025.927
A36: Total $ | B36: =+SUM(B31:B35) -> -1815.7963 | C36: =+SUM(C31:C35) -> -174721.69 | D36: =+SUM(D31:D35) -> -112446.29 | E36: =+SUM(E31:E35) -> -315237.78 | F36: =+SUM(F31:F35) -> -240685.76 | G36: =+SUM(G31:G35) -> -519576.83 | H36: =+SUM(H31:H35) -> -543083.09 | I36: =+SUM(I31:I35) -> -225298.76 | ... Y36: =+SUM(Y31:Y35) -> -10025.927
A39: MWHs Sales | B39: =+B18 -> -13.704558 | C39: =+C18 -> -1532.0692 | D39: =+D18 -> -4626.8204 | E39: =+E18 -> -11625.625 | F39: =+F18 -> -8953.1902 | G39: =+G18 -> -13015.61 | H39: =+H18 -> -9439.7027 | I39: =+I18 -> -4839.6571 | ... Y39: =+Y18 -> -127.38948
A40: MWHs Purchase | B40: =+B10 -> 4443.1985 | C40: =+C10 -> 1760.0007 | D40: =+D10 -> 2975.9258 | E40: =+E10 -> 0 | F40: =+F10 -> 0 | G40: =+G10 -> 12143.581 | H40: =+H10 -> 0 | I40: =+I10 -> 2719.1906 | ... Y40: =+Y10 -> 3217.9975
A41: Sum
A43: Sales $ | B43: =+B36 -> -1815.7963 | C43: =+C36 -> -174721.69 | D43: =+D36 -> -112446.29 | E43: =+E36 -> -315237.78 | F43: =+F36 -> -240685.76 | G43: =+G36 -> -519576.83 | H43: =+H36 -> -543083.09 | I43: =+I36 -> -225298.76 | ... Y43: =+Y36 -> -10025.927
A44: Purchase $ | B44: =+B27 -> 546007.43 | C44: =+C27 -> 198541.4 | D44: =+D27 -> 73563.713 | E44: =+E27 -> 0 | F44: =+F27 -> 0 | G44: =+G27 -> 468237.87 | H44: =+H27 -> 0 | I44: =+I27 -> 124561.49 | ... Y44: =+Y27 -> 239988.08
A47: Data Input into 15-1-V
A48: Sales for Resale MWh | B48: 2500 | C48: 2500 | D48: 2500 | E48: 2500 | F48: 2500 | G48: 2500 | H48: 2500 | I48: 2500 | J48: 2500 | K48: 2500 | L48: 2500 | M48: 2500 | N48: 2500 | O48: 2500 | P48: 2500 | Q48: 2500 | R48: 2500 | S48: 2500 | T48: 2500 | U48: 2500 | V48: 2500 | W48: 2500 | X48: 2500 | Y48: 2500
A49: Sales for Resale $/MWh | B49: =IF(B39<0,B43/B39,B44/B40) -> 132.4958 | C49: =IF(C39<0,C43/C39,C44/C40) -> 114.04295 | D49: =IF(D39<0,D43/D39,D44/D40) -> 24.303145 | E49: =IF(E39<0,E43/E39,E44/E40) -> 27.11577 | F49: =IF(F39<0,F43/F39,F44/F40) -> 26.882682 | G49: =IF(G39<0,G43/G39,G44/G40) -> 39.919513 | H49: =IF(H39<0,H43/H39,H44/H40) -> 57.5318 | I49: =IF(I39<0,I43/I39,I44/I40) -> 46.552629 | ... Y49: =IF(Y39<0,Y43/Y39,Y44/Y40) -> 78.702943
A50: Sales for Resale $ | B50: =+B49*B48 -> 331239.49 | C50: =+C49*C48 -> 285107.37 | D50: =+D49*D48 -> 60757.862 | E50: =+E49*E48 -> 67789.424 | F50: =+F49*F48 -> 67206.704 | G50: =+G49*G48 -> 99798.782 | H50: =+H49*H48 -> 143829.5 | I50: =+I49*I48 -> 116381.57 | ... Y50: =+Y49*Y48 -> 196757.36
